 Dungeon Crawl Stone Soup version 0.23.2-40-g277498a001 (webtiles) character file.

Game seed: 1084741877189325714

1440827 terix the Conqueror (level 27, 0/218 HPs)
             Began as a Hill Orc Fighter on Sept 5, 2019.
             Was the Champion of the Shining One.
             Slain by a mummy priest (12 damage)
             ... on level 2 of the Tomb of the Ancients on Sept 15, 2019.
             The game lasted 11:43:55 (144170 turns).

terix the Conqueror (Hill Orc Fighter)            Turns: 144170, Time: 11:43:56

Health: 0/218      AC: 38    Str: 32 (33) XL:     27
Magic:  40/40      EV: 21    Int: 25      God:    the Shining One [******]
Gold:   10642      SH: 49    Dex: 10 (13) Spells: 7/31 levels left

rFire    + + .     SeeInvis .   U - +9 broad axe (holy)
rCold    + + .     Gourm    .   v - +5 large shield "Roer" {Slay+4}
rNeg     + + +     Faith    .   R - +8 plate armour of Royalty {*Drain Regen+ Int+7}
rPois    +         Spirit   .   n - +0 hat of Okawaru's Condemnation {rPois rF++ Str+4}
rElec    +         Reflect  .   F - +0 cloak of Masochism {Int+2 Dex+6}
rCorr    .         Harm     .   (no gloves)
MR       +++++     Clarity  +   S - +2 pair of boots {Fly} Stlth ..........Rnd*Tele +
                                A - amulet of the Four Winds {rN+ MR+++ Clar}
HPRegen  0.86/turn              k - ring "Wucyl" {rN+++ Str-3 Int+2 Dex-3 Slay+5}
MPRegen  0.27/turn              Y - ring "Nedoci" {*Drain rElec rC++ EV+2 Str+4}

@: divine shield, swift, flying, slowed, glowing, deflect missiles, slow
A: fangs 1, molten scales 1, blurry vision 1, frail 2, sense surroundings 1,
electricity resistance, strong 1, teleportitis 1, subdued magic 1
}: 14/15 runes: serpentine, barnacled, slimy, silver, iron, obsidian, icy, bone,
abyssal, demonic, glowing, magical, fiery, dark
a: Divine Shield, Cleansing Flame, Summon Divine Warrior, Renounce Religion,
Stop Flying


You were on level 2 of the Tomb of the Ancients.
You worshipped the Shining One.
The Shining One was exalted by your worship.
You were not hungry.

You visited 17 branches of the dungeon, and saw 88 of its levels.
You visited Pandemonium 4 times, and saw 17 of its levels.
You visited the Abyss 5 times.
You visited 1 bazaar.
You also visited: Trove, Ossuary, Ice Cave, Volcano and Desolation.

You collected 16579 gold pieces.
You spent 5937 gold pieces at shops.

Inventory:

Hand Weapons
 l - the +8 mithril axe "Arga" {speed, MR+}
   (You acquired it on level 2 of the Orcish Mines)

   Attacks with this weapon are significantly faster.
   It affects your resistance to hostile enchantments.
 B - the +18 lance "Wyrmbane" {slay drac, rPois rF+ rC+ AC+3}
   (You took it off a deep elf demonologist on level 3 of the Elven Halls)

   It affects your AC (+3).
   It protects you from fire.
   It protects you from cold.
   It protects you from poison.
 U - a +9 broad axe of holy wrath (weapon)
Missiles
 r - 423 sling bullets
 u - 22 throwing nets (quivered)
Armour
 n - the +0 hat of Okawaru's Condemnation (worn) {rPois rF++ Str+4}
   (Okawaru gifted it to you on level 4 of the Snake Pit)

   It affects your strength (+4).
   It greatly protects you from fire.
   It protects you from poison.
 p - the +0 pair of gloves "Ynoi" {-Tele rCorr Str+3}
   (You found it on level 3 of the Snake Pit)

   It affects your strength (+3).
   It prevents most forms of teleportation.
   It provides partial protection from all sources of acid and corrosion.
 v - the +5 large shield "Roer" (worn) {Slay+4}
   (You acquired it in Pandemonium)

   It affects your accuracy and damage with ranged weapons and melee attacks
   (+4).
 C - the +9 scales of the Dragon King {rPois rF+ rC+ MR+}
   (You bought it in a shop in a bazaar)

   It protects you from fire.
   It protects you from cold.
   It protects you from poison.
   It affects your resistance to hostile enchantments.
 F - the +0 cloak of Masochism (worn) {Int+2 Dex+6}
   (Okawaru gifted it to you on level 14 of the Dungeon)

   It affects your intelligence (+2).
   It affects your dexterity (+6).
 R - the +8 plate armour of Royalty (worn) {*Drain Regen+ Int+7}
   (You found it on level 7 of Gehenna)

   It affects your intelligence (+7).
   It increases your rate of regeneration.
   It causes draining when unequipped.
 S - a +2 pair of boots of flying (worn)
 V - a +2 pair of gloves of dexterity
Jewellery
 c - the ring of Ontihag {Wiz rC+ Str+2}
   (You found it in the Desolation of Salt)

   [ring of wizardry]

   It improves your spell success rate.
   It affects your strength (+2).
   It protects you from cold.
 d - the amulet of Hard Scrabble {+Rage +Inv Int+4}
   (You found it in a treasure trove)

   [amulet of rage]

   It affects your intelligence (+4).
   It lets you turn invisible.
   It lets you go berserk.
 g - the ring of Kiript {*Contam rN+ Str+4 Int+8}
   (You found it on level 3 of the Crypt)

   [ring of positive energy]

   It affects your strength (+4).
   It affects your intelligence (+8).
   It protects you from negative energy.
   It causes magical contamination when unequipped.
 k - the ring "Wucyl" (left hand) {rN+++ Str-3 Int+2 Dex-3 Slay+5}
   (You found it on level 7 of Cocytus)

   [ring of intelligence]

   It affects your strength (-3).
   It affects your intelligence (+2).
   It affects your dexterity (-3).
   It affects your accuracy and damage with ranged weapons and melee attacks
   (+5).
   It renders you almost immune to negative energy.
 A - the amulet of the Four Winds (around neck) {rN+ MR+++ Clar}
   (You bought it in a shop on level 2 of the Orcish Mines)

   [amulet of nothing]

   It protects you from negative energy.
   It affects your resistance to hostile enchantments.
   It protects you against confusion.
 Y - the ring "Nedoci" (right hand) {*Drain rElec rC++ EV+2 Str+4}
   (You found it in the Desolation of Salt)

   [ring of evasion]

   It affects your evasion (+2).
   It affects your strength (+4).
   It greatly protects you from cold.
   It insulates you from electricity.
   It causes draining when unequipped.
 Z - the ring of Fedhas's Whim {rC++ rN++ MR+ Int-2}
   (You found it in the Desolation of Salt)

   [ring of protection from magic]

   It affects your intelligence (-2).
   It greatly protects you from cold.
   It greatly protects you from negative energy.
   It affects your resistance to hostile enchantments.
Wands
 b - a wand of disintegration (21)
 e - a wand of enslavement (39)
 h - a wand of paralysis (47)
 j - a wand of digging (22)
 m - a wand of scattershot (21)
 w - a wand of polymorph (27)
 z - a wand of acid (31)
 D - a wand of iceblast (107)
Scrolls
 y - 6 scrolls of blinking
 G - 11 scrolls of fear
 J - 18 scrolls of identify
 K - 7 scrolls of magic mapping
 L - 12 scrolls of fog
 O - 28 scrolls of remove curse
 P - 11 scrolls of silence
 W - 34 scrolls of teleportation
Potions
 o - a potion of brilliance
 q - 3 potions of cancellation
 H - 20 potions of curing
 M - a potion of magic
 N - 11 potions of lignification
 Q - 2 potions of berserk rage
 T - a potion of ambrosia
 X - a potion of might
Miscellaneous
 a - a lamp of fire
 i - 3 boxes of beasts
 x - 5 phantom mirrors
 E - a phial of floods
 I - a lightning rod (4/4)
Comestibles
 f - 59 rations


   Skills:
 O Level 27 Fighting
 O Level 27 Axes
 O Level 27 Armour
 - Level 22.4 Dodging
 - Level 25.0 Shields
 + Level 2.7 Spellcasting
   Level 12.0 Conjurations
 - Level 11.0 Hexes
 - Level 19.2 Charms
 - Level 17.8 Air Magic
 - Level 22.6 Earth Magic
 O Level 27 Invocations
 O Level 27 Evocations


You had 7 spell levels left.
You knew the following spells:

 Your Spells              Type           Power        Failure   Level  Hunger
a - Passwall              Tmut/Erth      #####...     1%          2    ##.....
b - Deflect Missiles      Chrm/Air       ######....   1%          6    #######
c - Spectral Weapon       Hex/Chrm       ######..     1%          3    ###....
d - Swiftness             Chrm/Air       ######..     0%          2    ##.....
e - Song of Slaying       Chrm           ######..     0%          2    ##.....
f - Shatter               Erth           ######....   93%         9    #######

Your spell library contained the following spells:

 Spells                   Type           Power        Failure   Level  Hunger
 Infusion                 Chrm           ####         0%          1    None
 Sandblast                Erth           ######       0%          1    None
 Confusing Touch          Hex            #####.       1%          1    None
 Corona                   Hex            #####..      1%          1    None
 Flame Tongue             Conj/Fire      ####.        1%          1    None
 Magic Dart               Conj           ####         1%          1    None
 Shock                    Conj/Air       ####         1%          1    None
 Sting                    Conj/Pois      ####         1%          1    None
 Poisonous Vapours        Pois/Air       #####.       1%          2    ##.....
 Searing Ray              Conj           #####.       1%          2    ##.....
 Shroud of Golubria       Chrm/Tloc      #####.....   1%          2    ##.....
 Slow                     Hex            #####...     1%          2    ##.....
 Confuse                  Hex            #####...     1%          3    ###....
 Dazzling Spray           Conj/Hex       #####.       1%          3    ###....
 Mephitic Cloud           Conj/Pois/Air  #####...     1%          3    ###....
 Ozocubu's Armour         Chrm/Ice       #####...     1%          3    ###....
 Regeneration             Chrm/Necr      #####.....   1%          3    ###....
 Static Discharge         Conj/Air       ######..     1%          3    ###....
 Stone Arrow              Conj/Erth      ######       1%          3    ###....
 Tukima's Dance           Hex            #####...     1%          3    ###....
 Airstrike                Air            ######....   1%          4    ####...
 Fulminant Prism          Conj/Hex       #####.....   1%          4    ####...
 Iskenderun's Mystic Bla  Conj           #####...     1%          4    ####...
 Leda's Liquefaction      Hex/Erth       ######....   1%          4    ####...
 Petrify                  Tmut/Erth      #####...     1%          4    ####...
 Iskenderun's Battlesphe  Conj/Chrm      ######..     1%          5    ######.
 Lee's Rapid Deconstruct  Erth           ######....   1%          5    ######.
 Lightning Bolt           Conj/Air       ######....   1%          5    ######.
 Silence                  Hex/Air        ######....   1%          5    ######.
 Throw Flame              Conj/Fire      ####..       2%          2    ##.....
 Throw Frost              Conj/Ice       ####..       2%          2    ##.....
 Cause Fear               Hex            #####.....   2%          4    ####...
 Iron Shot                Conj/Erth      ######....   2%          6    #######
 Ensorcelled Hibernation  Hex/Ice        ###...       3%          2    ##.....
 Conjure Flame            Conj/Fire      ####....     5%          3    ###....
 Summon Lightning Spire   Summ/Air       #####...     5%          4    ####...
 Bolt of Magma            Conj/Fire/Erth #####.....   5%          5    ######.
 Borgnjor's Vile Clutch   Necr/Erth      #####.....   6%          5    ######.
 Inner Flame              Hex/Fire       ###.....     7%          3    ###....
 Portal Projectile        Hex/Tloc       ###...       7%          3    ###....
 Summon Guardian Golem    Hex/Summ       ###.....     7%          3    ###....
 Conjure Ball Lightning   Conj/Air       ######....   7%          6    #######
 Excruciating Wounds      Chrm/Necr      #####.....   12%         5    ######.
 Force Lance              Conj/Tloc      ####....     19%         4    ####...
 Sticky Flame             Conj/Fire      ####....     19%         4    ####...
 Throw Icicle             Conj/Ice       ####....     19%         4    ####...
 Animate Skeleton         Necr           N/A          22%         1    None
 Apportation              Tloc           #.....       22%         1    None
 Beastly Appendage        Tmut           #.....       22%         1    None
 Freeze                   Ice            #...         22%         1    None
 Summon Butterflies       Summ           #.......     22%         1    None
 Summon Small Mammal      Summ           #...         22%         1    None
 Blink                    Tloc           N/A          34%         2    ##.....
 Call Imp                 Summ           #.......     34%         2    ##.....
 Corpse Rot               Necr           N/A          34%         2    ##.....
 Sticks to Snakes         Tmut           #.......     34%         2    ##.....
 Sublimation of Blood     Necr           #.........   34%         2    ##.....
 Statue Form              Tmut/Erth      #####....    34%         6    #######
 Darkness                 Hex            #####.....   36%         6    #######
 Invisibility             Hex            #####...     36%         6    #######
 Bolt of Draining         Conj/Necr      ####......   50%         5    ######.
 Fireball                 Conj/Fire      ####......   50%         5    ######.
 Irradiate                Conj/Tmut      ####......   50%         5    ######.
 Venom Bolt               Conj/Pois      ####......   50%         5    ######.
 Freezing Cloud           Conj/Ice/Air   #####.....   52%         6    #######
 Metabolic Englaciation   Hex/Ice        ###.......   56%         5    ######.
 Summon Mana Viper        Hex/Summ       ###.....     56%         5    ######.
 Yara's Violent Unravell  Hex/Tmut       ###.......   56%         5    ######.
 Call Canine Familiar     Summ           #.......     58%         3    ###....
 Gell's Gravitas          Tloc           #.........   58%         3    ###....
 Ignite Poison            Fire/Tmut/Pois #.......     58%         3    ###....
 Lesser Beckoning         Tloc           #.........   58%         3    ###....
 Recall                   Summ/Tloc      N/A          58%         3    ###....
 Spider Form              Tmut/Pois      #.........   58%         3    ###....
 Teleport Other           Tloc           #.......     58%         3    ###....
 Orb of Destruction       Conj           #####.....   83%         7    #######
 Animate Dead             Necr           N/A          94%         4    ####...
 Ice Form                 Ice/Tmut       #.......     94%         4    ####...
 Olgreb's Toxic Radiance  Pois           #.......     94%         4    ####...
 Passage of Golubria      Tloc           N/A          94%         4    ####...
 Summon Ice Beast         Ice/Summ       #.......     94%         4    ####...
 Bolt of Cold             Conj/Ice       ####......   97%         6    #######
 Bolt of Fire             Conj/Fire      ####......   97%         6    #######
 Ring of Flames           Chrm/Fire      #####.....   99%         7    #######
 Agony                    Necr           #.......     100%        5    ######.
 Alistair's Intoxication  Tmut/Pois      #.......     100%        5    ######.
 Aura of Abjuration       Summ           #.........   100%        5    ######.
 Blade Hands              Tmut           #.........   100%        5    ######.
 Dispel Undead            Necr           #.......     100%        5    ######.
 Summon Demon             Summ           #.........   100%        5    ######.
 Summon Forest            Summ/Tloc      #.........   100%        5    ######.
 Death Channel            Necr           #.........   100%        6    #######
 Dispersal                Tloc           #.........   100%        6    #######
 Hydra Form               Tmut           #.........   100%        6    #######
 Ozocubu's Refrigeration  Ice            #.........   100%        6    #######
 Shadow Creatures         Summ           N/A          100%        6    #######
 Simulacrum               Ice/Necr       #.........   100%        6    #######
 Dragon Form              Tmut           #.........   100%        7    #######
 Haunt                    Necr/Summ      #.........   100%        7    #######
 Spellforged Servitor     Conj/Summ      ####......   100%        7    #######
 Summon Hydra             Summ           #.........   100%        7    #######
 Borgnjor's Revivificati  Necr           #.........   100%        8    #######
 Death's Door             Chrm/Necr      #####.....   100%        8    #######
 Discord                  Hex            #####.....   100%        8    #######
 Ignition                 Fire           #.........   100%        8    #######
 Infestation              Necr           #.........   100%        8    #######
 Necromutation            Tmut/Necr      #.........   100%        8    #######
 Dragon's Call            Summ           #.........   100%        9    #######
 Tornado                  Air            ######....   100%        9    #######


Dungeon Overview and Level Annotations

Branches:
Dungeon (15/15)            Temple (0/1) D:7            Lair (6/6) D:8
 Shoals (4/4) Lair:3        Snake (4/4) Lair:4        Slime (5/5) Lair:6
    Orc (2/2) D:9             Elf (3/3) Orc:2        Vaults (5/5) D:14
  Crypt (3/3) Vaults:2       Tomb (2/3) Crypt:3      Depths (5/5) D:15
   Hell (1/1)                 Dis (7/7) Hell            Geh (7/7) Hell
    Coc (7/7) Hell            Tar (7/7) Hell            Zot (5/5) Depths:5

Altars:
Ashenzari
Elyvilon
Fedhas
Gozag
Kikubaaqudgha
Nemelex Xobeh
Okawaru
Qazlal
Trog
Uskayaw
Vehumet
Xom
Yredelemnul
Zin
The Shining One
Beogh
Jiyva

Shops:
Orc:2 (=*:[   Elf:3 }}   Shoals:2 *   Shoals:4 *   Snake:3 ?   Vaults:2 [
Vaults:5 %

Portals:
Hell: Depths:1 Depths:2 Depths:3 Depths:4 Depths:5
Abyss: Depths:1 Depths:2 Depths:4
Pandemonium: Depths:1 Depths:3 Depths:5
Ziggurat: Depths:2

Annotations:
Dis:7 exclusion: 4 doors


Innate Abilities, Weirdness & Mutations

You have very sharp teeth.
You are partially covered in molten scales. (AC +2)
Scrolls take you a little longer to read.
You are very frail. (-20% HP)
You passively map a small area around you.
You are resistant to electric shocks. (rElec)
Your muscles are strong. (Str +2)
You are occasionally teleported next to monsters.
Your spells are a little easier to cast, but a little less powerful.


Message History

Unknown command.
Unknown command.
Okay, then.
Unknown command.
Unknown command.
Okay, then.
Okay, then.
Unknown command.
Unknown command.
You feel better. You block the bennu's attack. x3
The greater mummy mumbles some strange words.
The ufetubus closely misses you. You block the ufetubus's attack.
The guardian mummy misses you.
The ushabti shakes and rattles.
The vile air hits the ynoxinul.
The vile air hits the mummy.
You block the bennu's attack. The bennu closely misses you.
The bennu claws you but does no damage.
A mummy comes into view.
The mummy priest hits you!
You die...

,*,,,,**,,,,,,,,,,,,,,,,,**,,,,*,
,*,,,,,,,,,..........M,,,,,,,,,*,
,*,,,,,,,,**...8.....**,,,,,,,,**
,*,,,,,,,.**#..☼....#**.,,,,,,,*,
,*,,,,,,,W.##.M34.Z.##..,,,,,,,*,
,*,,,,,,*WMs.○°○M.......*,,,,,,+,
,*,,,,,**WZ.s.W.M5.M...$**,,,,,*,
**,,,,,*,..4.MM5W†......,*,,,,,*,
,*,,,,,,,.ZssMMM@†MZ....,,,,,,,*,
,*,,,,,*,..)...Mb8sM....,*,,,,,**
,+,,,,,**......M..M.....**,,,,,*,
,*,,,,,,*............ss.*,,,,,,*,
,*,,,,,,,.^##..M....##s.,,,,,,,*,
**,,,,,,,.**#.......#**M,,,,,,,*,
,*,,,,,,,,**.........**,M,,,,,,*,
,*,,,,,,,,,...........,,,,,,,,,*,
,*,,,,**,,,,,**,,,**,,,,,**,,,,*,


You could see 5 greater mummies, 8 emperor scorpions, a bennu, 3 mummy priests,
a phantasmal warrior, 4 guardian mummies, 2 ushabtiu, a rust devil, 2 freezing
wraiths, a ynoxinul, 2 wraiths, a red devil, 6 mummies, 2 ufetubi, a merfolk
zombie, a human zombie, a quicksilver dragon skeleton and an iron dragon
skeleton.

Vanquished Creatures
  Cerebov (Pan)
  Asmodeus (Geh:7)
  the Royal Jelly (Slime:5)
  Gloorx Vloq (Pan)
  Ereshkigal (Tar:7)
  Dissolution (Slime:3)
  the Serpent of Hell (Geh:7)
  Mnoleg (Pan)
  A seraph (Pan)
  Dispater (Dis:7)
  Lom Lobon (Pan)
  Mara (Crypt:2)
  5 orbs of fire
  Mennas (Pan)
  2 juggernauts
  9 ancient liches
  18 greater mummies
  5 Killer Klowns
  12 pandemonium lords (Pan)
  Boris (thrice) (Depths:4 Crypt:2 Tomb:1)
  Saint Roka (Snake:2)
  11 shard shrikes
  8 curse toes
  Margery (Vaults:2)
  Vashnia (Snake:2)
  Jory (Vaults:3)
  16 bone dragons
  Geryon (Hell)
  11 golden dragons
  2 profane servitors
  the Enchantress (D:15)
  Nikola (Shoals:2)
  2 pearl dragons (Pan)
  10 iron giants
  17 Tzitzimimeh
  7 doom hounds
  3 electric golems
  26 Brimstone Fiends
  19 tentacled monstrosities
  16 liches
  Jorgrun (Snake:3)
  26 Ice Fiends
  Rupert (D:14)
  25 Hell Sentinels
  25 Orb Guardians (Zot:5)
  6 deep elf blademasters
  8 quicksilver dragons
  13 titans
  10 deep elf master archers
  7 death cobs
  30 Executioners
  6 eldritch tentacles
  Frances (Lair:3)
  11 acid blobs
  13 sphinxes
  12 tentacled starspawn
  4 tengu reavers
  The ghost of CrazedAxUser the Executioner, an adept MiBe of Trog (Shoals:2)
  26 shadow dragons
  27 ancient champions
  3 warmongers (Pan)
  10 storm dragons
  3 draconian monks
  4 revenants
  Ilsuiw (Shoals:3)
  7 nagarajas
  3 azure jellies (Slime:5)
  13 daevas
  27 fire giants
  26 frost giants
  17 iron dragons
  2 deep elf sorcerers
  5 draconian scorchers
  4 ghost moths
  4 draconian knights
  18 vault wardens
  30 cacodemons
  An orc warlord (Orc:2)
  An imperial myrmidon (Desolation)
  Louise (D:15)
  38 angels
  37 balrugs
  4 elemental wellsprings
  3 ghouls
  2 draconian stormcallers
  3 draconian annihilators
  7 deep elf elementalists
  7 curse skulls
  3 spriggan defenders (D:15)
  27 war gargoyles
  17 ophanim
  5 draconian shifters
  A juggernaut skeleton (Crypt:1)
  38 very ugly things
  63 reapers
  9 blood saints (Pan)
  32 apis (Pan)
  15 corrupters (Pan)
  17 ironheart preservers
  3 entropy weavers
  5 vampire knights
  The ghost of Gioniom the Fighter, a journeyman FoEE of Vehumet (Lair:2)
  22 stone giants
  3 bennus
  5 black suns (Pan)
  18 lorocyprocas (Pan)
  15 black draconians
  8 deep elf annihilators
  7 deep elf demonologists
  3 halazid warlocks (Desolation)
  14 purple draconians
  7 green draconians
  10 red draconians
  12 white draconians
  8 yellow draconians
  17 spark wasps
  Snorg (Orc:1)
  13 ettins
  7 merfolk javelineers
  9 eidola
  40 blizzard demons
  12 merfolk impalers
  12 deep elf death magi
  14 mummy priests
  24 green deaths
  16 jiangshi
  A fire dragon (shapeshifter) (D:15)
  3 death oozes
  3 kraken zombies
  3 crystal guardians
  11 quicksilver dragon zombies
  16 yaktaur captains
  10 fire dragons
  3 deep elf high priests
  10 great orbs of eyes
  35 vault guards
  An ice dragon (shapeshifter) (Depths:2)
  14 naga warriors
  38 ice dragons
  Harold (Orc:1)
  10 monstrous demonspawn (Pan)
  11 ragged hierophants (Desolation)
  4 servants of whispers (Desolation)
  13 rakshasas
  20 anacondas
  5 peacekeepers (Desolation)
  8 hydras
  4 spriggan air magi
  3 alligator snapping turtles
  13 centaur warriors
  2 hell beasts
  Erica (Lair:1)
  2 merfolk avatars
  44 two-headed ogres
  7 quicksilver dragon skeletons
  An anaconda (shapeshifter) (D:9)
  7 merfolk aquamancers
  31 dancing weapons
  16 death scarabs
  7 death knights
  13 ogre magi
  5 deep troll shamans
  6 deep troll earth magi
  A satyr (Shoals:3)
  93 hell knights
  20 naga sharpshooters
  40 hell hogs
  An orc high priest (Elf:2)
  9 shock serpents
  3 tengu warriors
  A shock serpent (shapeshifter) (Vaults:4)
  16 iron golems
  20 thrashing horrors
  11 titan zombies
  10 vampire magi
  54 soul eaters
  4 wretched stars
  6 spriggan berserkers
  Sonja (D:13)
  33 deep elf knights
  9 titan skeletons
  13 iron trolls
  34 sixfirhies
  12 storm dragon zombies
  9 salamander mystics
  2 death drakes
  12 sea snakes
  68 sun demons
  The ghost of kalagan the Thaumaturge, a novice DESu of Sif Muna (Lair:1)
  8 golden dragon zombies
  23 shadow wraiths
  198 skeletal warriors
  5 storm dragon skeletons
  17 deep trolls
  8 spatial maelstroms
  A spectral anaconda (Depths:3)
  22 cherubim
  23 flayed ghosts
  13 anaconda zombies
  16 glowing orange brains
  14 ironbrand convokers
  3 ghost moth zombies
  9 torturous demonspawn (Pan)
  2 spectral hydras (Depths:3)
  2 orange crystal statues (Depths:3)
  An obsidian statue (Shoals:2)
  7 anaconda skeletons
  9 gelid demonspawn (Pan)
  4 lindwurms (Snake:4)
  3 unseen horrors
  10 infernal demonspawn (Pan)
  6 naga ritualists
  32 shadow demons
  11 shadow dragon zombies
  8 wolf spider zombies
  17 harpies
  An orb spider (Abyss:3)
  18 wizards
  23 deep elf archers
  75 deep elf magi
  A harpy (shapeshifter) (D:9)
  3 golden dragon skeletons
  3 tengu zombies
  28 necromancers
  25 phantasmal warriors
  15 mana vipers
  4 oklob plants (Lair:3)
  6 iron dragon zombies
  8 wolf spiders
  17 salamanders
  A mana viper (shapeshifter) (Vaults:5)
  14 orc knights
  2 orc sorcerers
  9 shadow dragon skeletons
  A shining eye (shapeshifter) (D:13)
  15 stone giant zombies
  5 shining eyes
  54 ugly things
  13 fire giant zombies
  3 worldbinders
  A faun (Shoals:3)
  9 frost giant zombies
  16 manticores
  5 toenail golems (Volcano)
  11 cyclopes
  14 moths of wrath
  Psyche (D:10)
  9 dire elephant zombies
  6 fire giant skeletons
  11 merfolk sirens
  9 elephants
  6 iron dragon skeletons
  An eye of devastation (Slime:5)
  11 stone giant skeletons
  9 molten gargoyles
  4 ice statues
  16 guardian serpents
  20 naga magi
  A titan simulacrum (Coc:7)
  5 water nymphs
  30 black mambas
  3 shock serpent zombies
  70 smoke demons
  11 vault sentinels
  2 shock serpent skeletons
  10 apocalypse crabs
  9 frost giant skeletons
  49 rust devils
  25 orange demons
  3 gargoyles
  A torpor snail (Lair:5)
  A minotaur zombie (Geh:7)
  24 spiny frogs
  3 emperor scorpion zombies
  A rime drake (shapeshifter) (Elf:2)
  8 dire elephant skeletons
  An elephant slug zombie (Crypt:1)
  58 freezing wraiths
  A catoblepas zombie (Tar:3)
  9 efreet
  10 komodo dragons
  A spectral merfolk (Depths:3)
  47 hellions
  A yaktaur (shapeshifter) (Vaults:4)
  4 anaconda simulacra
  A kobold demonologist (D:15)
  70 tormentors
  An iron troll zombie (Crypt:2)
  2 catoblepas skeletons
  30 demonic crawlers
  49 yaktaurs
  27 hellwings
  A yaktaur zombie (Vaults:3)
  68 ice devils
  17 ancient zymes
  16 guardian mummies
  9 harpy zombies
  23 hydra zombies
  2 queen bees (shapeshifter)
  A troll (shapeshifter) (Vaults:2)
  17 trolls
  21 merfolk
  56 red devils
  4 polar bears
  6 wind drakes
  A meliai (shapeshifter) (D:13)
  A wind drake (shapeshifter) (Vaults:4)
  7 hornets
  2 spectral guardian serpents (Crypt:3)
  2 blink frogs (shapeshifter)
  11 ettin zombies
  2 silent spectres (Tar:6)
  15 hydra skeletons
  7 harpy skeletons
  17 blink frogs
  4 tyrant leeches (Lair:6)
  Prince Ribbit (D:6)
  2 raiju (shapeshifter)
  48 saltlings (Desolation)
  8 bog bodies (Coc:7)
  8 snapping turtles
  8 ice dragon zombies
  34 slime creatures
  6 ettin skeletons
  17 dream sheep
  A hippogriff (shapeshifter) (Vaults:2)
  21 raiju
  9 hippogriffs
  88 large abominations
  8 alligator zombies
  14 fire dragon zombies
  A fire giant simulacrum (Coc:3)
  A deep troll zombie (Depths:1)
  A frost giant simulacrum (Coc:4)
  9 redbacks
  39 yaks
  10 fire dragon skeletons
  2 vampires (Depths:3)
  36 water elementals
  7 alligator skeletons
  173 flying skulls
  6 spriggans
  11 ice dragon skeletons
  34 shadows
  3 air elementals
  2 elf zombies
  14 ushabtiu
  54 wraiths
  A yak (shapeshifter) (Abyss:3)
  3 wyverns
  32 ynoxinuls
  23 small abominations
  39 chaos spawn
  4 fire bats
  4 golden eyes
  2 black mamba skeletons
  2 hogs (shapeshifter)
  31 fire elementals
  A human (shapeshifter) (Vaults:2)
  16 humans
  7 hungry ghosts
  A golden eye (shapeshifter) (Depths:1)
  4 basilisks
  24 neqoxecs
  8 wargs
  11 vampire mosquitoes
  5 insubstantial wisps (Abyss:3)
  An emperor scorpion simulacrum (Hell)
  3 harpy simulacra (IceCv)
  Grum (D:9)
  42 nagas
  8 spatial vortices
  A soldier ant (shapeshifter) (Vaults:5)
  A torturous demonspawn zombie (Crypt:3)
  An acid dragon (shapeshifter) (Vaults:5)
  4 hydra simulacra
  A naga (shapeshifter) (Vaults:4)
  A soldier ant (D:13)
  7 spiny frog zombies
  2 merfolk zombies
  4 acid dragons
  An iron troll simulacrum (IceCv)
  15 water moccasins
  A swamp worm (shapeshifter) (Depths:5)
  3 spectral trolls (Depths:3)
  125 hell hounds
  A floating eye (Depths:3)
  5 sky beasts
  6 spectral spriggans (Depths:3)
  36 orc warriors
  12 porcupines
  2 hornet zombies
  8 snapping turtle zombies
  5 eyes of draining
  9 spiny frog skeletons
  A merfolk skeleton (Coc:5)
  2 swamp dragon zombies
  A black bear (Lair:1)
  15 phantoms
  An ice dragon simulacrum (Crypt:3)
  A black bear (shapeshifter) (Depths:2)
  14 ice beasts
  An alligator simulacrum (Hell)
  18 boggarts
  40 ogres
  2 manticore zombies
  29 necrophages
  2 ettin simulacra (IceCv)
  A tengu (shapeshifter) (Vaults:1)
  16 centaurs
  19 wolves
  5 snapping turtle skeletons
  4 manticore skeletons
  9 crocodiles
  An orc skeleton (Vaults:1)
  6 human skeletons
  2 swamp dragon skeletons
  7 big kobolds
  8 earth elementals
  An elf skeleton (Geh:7)
  30 bullfrogs
  A merfolk simulacrum (Coc:7)
  3 spiny frog simulacra
  3 wyvern zombies
  An ogre simulacrum (Vaults:1)
  A yaktaur skeleton (Crypt:3)
  A wyvern skeleton (D:8)
  A spectral naga (Depths:3)
  A spriggan zombie (Hell)
  A spectral ogre (Depths:3)
  3 scorpions
  21 killer bees
  A snapping turtle simulacrum (Coc:7)
  89 wights
  3 electric eels
  2 troll skeletons
  7 howler monkeys
  3 spectral centaurs (Depths:3)
  12 centaur zombies
  27 crimson imps
  6 quasits
  12 starcursed masses
  2 bullfrog skeletons
  A human zombie (Dis:6)
  7 centaur skeletons
  16 orc priests
  A black bear zombie (Crypt:2)
  A demonspawn zombie (Crypt:3)
  5 hounds
  9 jellies
  38 iron imps
  Ijyb (D:3)
  2 iguanas
  19 orc wizards
  14 worker ants
  A spriggan simulacrum (Depths:3)
  A killer bee zombie (D:5)
  An acid dragon zombie (Crypt:1)
  4 big kobold zombies (Ossuary)
  A hound zombie (D:7)
  36 mummies
  Robin (D:3)
  A worker ant zombie (D:5)
  A howler monkey skeleton (D:7)
  8 gnolls
  14 adders
  A swamp drake skeleton (Crypt:1)
  15 shadow imps
  24 white imps
  3 oozes (Lair:6)
  An adder zombie (D:9)
  2 adder skeletons (D:8)
  A halfling skeleton (Crypt:2)
  A worm (D:3)
  3 ball lightnings (Pan)
  2 dart slugs
  6 leopard geckos
  103 orcs
  7 ball pythons
  9 bats
  2 bat skeletons
  A bat zombie (Crypt:1)
  2 giant cockroaches (D:2)
  19 goblins
  13 hobgoblins
  31 jackals
  3 quokkas
  A ball python zombie (Crypt:1)
  8 frilled lizards
  2 hobgoblin skeletons
  29 kobolds
  3 kobold skeletons
  A leopard gecko skeleton (D:9)
  3 orc zombies
  A quokka simulacrum (D:9)
  7 rats
  3 crawling corpses (Elf:3)
  4 fire vortices
  3 fungi
  A lurking horror (Abyss:2)
  21 plants
  11 starspawn tentacles
  8 tentacles
6182 creatures vanquished.

Vanquished Creatures (collateral kills)
  Antaeus (Coc:7)
  A Tzitzimitl (Tar:7)
  An Ice Fiend (Coc:7)
  An acid blob (Slime:5)
  An ancient champion (Crypt:3)
  2 daevas (Pan)
  A revenant (Crypt:2)
  A deep elf sorcerer (Elf:3)
  A draconian knight (Zot:1)
  A draconian scorcher (Zot:1)
  2 reapers
  A white draconian (Zot:1)
  A purple draconian (Crypt:2)
  A vampire mage (Tar:7)
  A shock serpent (Snake:4)
  2 iron golems (Dis:7)
  A titan skeleton (Crypt:2)
  A skeletal warrior (Coc:7)
  A phantasmal warrior (Tar:7)
  A harpy (Shoals:4)
  An ice devil (Coc:7)
  A hydra zombie (Coc:7)
  A merfolk (Shoals:4)
  2 dream sheep (Shoals:3)
  A slime creature (Slime:5)
  A wraith (Crypt:2)
30 creatures vanquished.

Vanquished Creatures (others)
  A daeva (Pan)
  2 elemental wellsprings
  A stone giant (Crypt:3)
  2 blood saints (Pan)
  A blizzard demon (Pan)
  2 merfolk javelineers
  A yaktaur captain (Vaults:3)
  An ice dragon (Coc:7)
  2 centaur warriors
  4 naga sharpshooters
  A deep elf knight (Crypt:1)
  A hell hog (Geh:3)
  A skeletal warrior (Dis:3)
  2 deep elf archers
  A deep elf mage (Elf:1)
  A smoke demon (Abyss:2)
  4 yaktaurs
  A tormentor (Geh:5)
  A red devil (Dis:7)
  A merfolk (Shoals:4)
  A hornet (Depths:3)
  2 shadows
  A ynoxinul (Pan)
  2 wraiths
  A water elemental (Elf:2)
  A naga (Snake:2)
  2 hell hounds
  A snapping turtle skeleton (Coc:4)
  2 centaurs
  2 wights
  A quasit (Abyss:2)
  An orc priest (Elf:2)
  A naga skeleton (Geh:5)
  2 ball lightnings (Pan)
  3 fungi
  46 plants
  19 starspawn tentacles
  16 tentacles
135 creatures vanquished.

Grand Total: 6347 creatures vanquished

Notes
Turn   | Place    | Note
-------+----------+-------------------------------------------
     0 | D:1      | terix the Hill Orc Fighter began the quest for the Orb.
     0 | D:1      | Reached XP level 1. HP: 19/19 MP: 1/1
   343 | D:1      | Reached XP level 2. HP: 25/27 MP: 2/2
   592 | D:1      | Reached XP level 3. HP: 28/33 MP: 3/3
  1028 | D:2      | Reached XP level 4. HP: 40/40 MP: 4/4
  1199 | D:2      | Found an iron altar of Okawaru.
  1213 | D:2      | Became a worshipper of Warmaster Okawaru
  1655 | D:3      | Reached XP level 5. HP: 38/47 MP: 5/5
  1865 | D:3      | Noticed Ijyb
  1881 | D:3      | Killed Ijyb
  1881 | D:3      | Reached skill level 5 in Axes
  1925 | D:3      | Noticed a centaur
  1936 | D:3      | Killed a centaur
  1936 | D:3      | Reached XP level 6. HP: 39/55 MP: 6/6
  1979 | D:3      | Found a blossoming altar of Fedhas.
  2122 | D:3      | Reached * piety under Okawaru
  2209 | D:3      | Found a faded altar of an unknown god.
  2209 | D:3      | Found a sparkling altar of Nemelex Xobeh.
  2214 | D:3      | Found a faded altar of an unknown god.
  2218 | D:3      | Found a glowing golden altar of the Shining One.
  2220 | D:3      | Found a bloodstained altar of Trog.
  2268 | D:3      | Noticed Robin
  2285 | D:3      | Reached skill level 5 in Fighting
  2304 | D:3      | Killed Robin
  2523 | D:4      | Reached XP level 7. HP: 53/61 MP: 7/7
  2695 | D:4      | Reached skill level 5 in Armour
  2923 | D:4      | Reached skill level 5 in Shields
  3047 | D:5      | Entered Level 5 of the Dungeon
  3199 | D:5      | Got a pair of smoking boots
  3209 | D:5      | Identified the +0 pair of boots of the Lumpy Mice {Stlth+}
                  | (You found it on level 5 of the Dungeon)
  3257 | D:5      | Found a hide-covered altar of Uskayaw.
  3265 | D:5      | Found a sand-covered staircase.
  3278 | Ossuary  | Entered an ossuary
  3288 | Ossuary  | Reached XP level 8. HP: 53/70 MP: 5/8
  3493 | D:5      | Reached ** piety under Okawaru
  3733 | D:6      | Noticed a hippogriff
  3883 | D:6      | Killed a hippogriff
  3883 | D:6      | Reached XP level 9. HP: 37/79 MP: 9/9
  4113 | D:6      | Reached skill level 10 in Axes
  4162 | D:6      | Noticed Prince Ribbit
  4517 | D:6      | Killed Prince Ribbit
  4517 | D:6      | Reached *** piety under Okawaru
  4578 | D:6      | Found a glowing silver altar of Zin.
  4816 | D:6      | Found a shattered altar of Ashenzari.
  5639 | D:7      | Found a staircase to the Ecumenical Temple.
  5649 | D:7      | Noticed a troll
  6233 | D:6      | Killed a troll
  6863 | D:7      | Reached XP level 10. HP: 85/88 MP: 10/10
  7308 | D:6      | Reached **** piety under Okawaru
  7972 | D:8      | Found a staircase to the Lair.
  7997 | D:8      | Found a stormy altar of Qazlal.
  8565 | D:9      | Reached skill level 1 in Invocations
  9119 | D:9      | Noticed a two-headed ogre
  9137 | D:9      | Killed a two-headed ogre
  9137 | D:9      | Reached ***** piety under Okawaru
  9149 | D:9      | Reached XP level 11. HP: 29/97 MP: 13/13
  9465 | D:9      | Noticed a swamp dragon
  9465 | D:9      | a yaktaur changed into a swamp dragon
  9483 | D:9      | Noticed a harpy
  9483 | D:9      | a meliai changed into a harpy
  9697 | D:9      | Killed a harpy
  9697 | D:9      | Received a gift from Okawaru
  9914 | D:9      | Noticed an anaconda
  9943 | D:9      | Killed an anaconda
 10800 | D:9      | Found a staircase to the Orcish Mines.
 10985 | D:9      | Noticed Grum
 11018 | D:9      | Killed Grum
 11026 | D:9      | Reached skill level 10 in Fighting
 11300 | D:9      | Noticed a two-headed ogre
 11361 | D:8      | Killed a two-headed ogre
 11361 | D:8      | Reached skill level 5 in Invocations
 11755 | D:9      | Noticed a three-headed hydra
 11771 | D:9      | Killed a one-headed hydra
 12154 | D:10     | Entered Level 10 of the Dungeon
 12195 | D:10     | You fall through a shaft!
 12423 | D:11     | Noticed a two-headed ogre
 12441 | D:11     | Killed a two-headed ogre
 12441 | D:11     | Reached ****** piety under Okawaru
 12441 | D:11     | Received a gift from Okawaru
 12441 | D:11     | Reached XP level 12. HP: 38/108 MP: 14/16
 13566 | D:10     | Found a shimmering altar of Xom.
 13608 | D:10     | Reached skill level 15 in Axes
 13672 | D:10     | Noticed Psyche
 13683 | D:10     | Killed Psyche
 13712 | D:10     | Noticed a two-headed ogre
 13723 | D:10     | Killed a two-headed ogre
 13734 | D:10     | Noticed a two-headed ogre
 13797 | D:10     | Reached skill level 10 in Shields
 13821 | D:10     | Found a white marble altar of Elyvilon.
 13872 | D:10     | Reached skill level 10 in Armour
 14090 | D:10     | Killed a two-headed ogre
 14154 | D:10     | Reached skill level 1 in Evocations
 14162 | D:10     | Received a gift from Okawaru
 15050 | D:12     | Noticed a four-headed hydra
 15940 | D:12     | Reached XP level 13. HP: 96/116 MP: 18/18
 16138 | D:12     | Received a gift from Okawaru
 17336 | D:13     | Noticed Sonja
 17344 | D:13     | Noticed a fire dragon
 18474 | D:14     | Found a gate to the Vaults.
 18474 | D:14     | Noticed Rupert
 18484 | D:13     | Noticed a rakshasa
 18990 | D:13     | Killed a fire dragon
 19404 | D:14     | Received a gift from Okawaru
 19952 | D:14     | Killed Rupert
 19952 | D:14     | Received a gift from Okawaru
 19955 | D:14     | Got an ichor-stained cloak {god gift}
 19961 | D:14     | Identified the +0 cloak of Masochism {Int+2 Dex+6} (Okawaru
                  | gifted it to you on level 14 of the Dungeon)
 19990 | D:14     | Reached skill level 5 in Evocations
 20603 | D:12     | Reached XP level 14. HP: 85/127 MP: 19/19
 20776 | D:12     | HP: 5/127 [six-headed hydra (11)]
 22624 | D:15     | Entered Level 15 of the Dungeon
 22782 | D:15     | Found a glowing golden altar of the Shining One.
 23054 | D:15     | Got a transparent robe
 23093 | D:14     | Identified the +1 robe of Hide-and-Seek {*Slow rPois rC+}
                  | (You found it on level 15 of the Dungeon)
 23937 | D:15     | Received a gift from Okawaru
 23940 | D:15     | Got a crystal war axe {god gift}
 23941 | D:15     | Identified the +1 war axe "Tibreru" {chop, MR+} (Okawaru
                  | gifted it to you on level 15 of the Dungeon)
 23954 | D:15     | Noticed Louise
 24265 | Lair:1   | Entered Level 1 of the Lair of Beasts
 24265 | Lair:1   | Found a runed translucent door.
 24265 | Lair:1   | Noticed kalagan's ghost (novice DESu)
 24668 | Lair:1   | Noticed Erica
 24673 | Lair:1   | Killed Erica
 25315 | Lair:2   | Found a sparkling altar of Nemelex Xobeh.
 25350 | Lair:2   | Received a gift from Okawaru
 25596 | Lair:2   | Learned a level 2 spell: Passwall
 25609 | Lair:2   | Reached XP level 15. HP: 136/136 MP: 20/20
 25723 | Lair:2   | Found a runed translucent gate.
 25724 | Lair:2   | Found a runed translucent gate.
 25725 | Lair:2   | Found a runed translucent gate.
 25731 | Lair:2   | Found a viscous altar of Jiyva.
 25731 | Lair:2   | Noticed Gioniom's ghost (journeyman FoEE)
 26362 | Lair:3   | Found a dark tunnel.
 26371 | Volcano  | Entered a volcano
 26457 | Volcano  | Received a gift from Okawaru
 26817 | Lair:3   | Found a staircase to the Shoals.
 27401 | Lair:4   | Found a staircase to the Snake Pit.
 28528 | Lair:6   | Entered Level 6 of the Lair of Beasts
 28550 | Lair:6   | Received a gift from Okawaru
 29146 | Lair:6   | Found a staircase to the Slime Pits.
 29447 | Lair:6   | Received a gift from Okawaru
 29447 | Lair:6   | Reached XP level 16. HP: 105/147 MP: 22/22
 29450 | Lair:6   | Got a bloodstained scale mail {god gift}
 29506 | Lair:5   | Identified the +0 scale mail "Gotiyjex" {rCorr Int+3}
                  | (Okawaru gifted it to you on level 6 of the Lair of Beasts)
 30089 | Shoals:1 | Entered Level 1 of the Shoals
 30167 | Shoals:1 | Noticed Frances
 30187 | Lair:3   | Killed Frances
 30497 | Shoals:1 | Reached skill level 15 in Fighting
 31076 | Shoals:2 | Noticed Nikola
 31097 | Shoals:2 | Killed Nikola
 31622 | Shoals:2 | Found a runed translucent gate.
 31622 | Shoals:2 | Found a runed translucent gate.
 31622 | Shoals:2 | Found a runed translucent gate.
 31623 | Shoals:2 | Noticed CrazedAxUser's ghost (adept MiBe)
 31624 | Shoals:2 | Found an opulent altar of Gozag.
 31876 | Shoals:2 | Reached skill level 10 in Evocations
 31969 | Shoals:2 | Found Hyededgheff's Assorted Antiques.
 32308 | Shoals:3 | Noticed Ilsuiw
 32344 | Shoals:3 | Killed Ilsuiw
 32344 | Shoals:3 | Received a gift from Okawaru
 33494 | Shoals:4 | Entered Level 4 of the Shoals
 34485 | Shoals:4 | Reached XP level 17. HP: 145/158 MP: 23/25
 34929 | Shoals:4 | Found Ocuos's Assorted Antiques.
 35231 | Shoals:4 | Reached skill level 15 in Shields
 35233 | Shoals:4 | Reached skill level 15 in Armour
 35245 | Shoals:4 | Received a gift from Okawaru
 35286 | Shoals:4 | Got a barnacled rune of Zot
 36100 | Snake:1  | Entered Level 1 of the Snake Pit
 36731 | Snake:1  | Received a gift from Okawaru
 37143 | Snake:2  | Noticed Vashnia
 37289 | Snake:2  | Killed Vashnia
 37447 | Snake:2  | Received a gift from Okawaru
 37523 | Snake:2  | Reached XP level 18. HP: 100/168 MP: 18/27
 37837 | Snake:2  | Noticed Saint Roka
 37860 | Snake:2  | Killed Saint Roka
 38467 | Snake:2  | You fall through a shaft!
 38625 | Snake:3  | Received a gift from Okawaru
 38751 | Snake:3  | Received a gift from Okawaru
 38752 | Snake:3  | Found a frozen archway.
 38796 | Snake:3  | Got a pair of translucent gloves
 38803 | IceCv    | Entered an ice cave
 38815 | IceCv    | Identified the +0 pair of gloves "Ynoi" {-Tele rCorr Str+3}
                  | (You found it on level 3 of the Snake Pit)
 39692 | IceCv    | Found the +6 Majin-Bo {vamp, Archmagi MP+6 Int+6}
 39791 | IceCv    | Got a translucent chain mail
 39802 | IceCv    | Identified the cursed +0 chain mail "Bosec" {+Fly rN+
                  | Slay+3} (You found it in an ice cave)
 39975 | Snake:3  | Found Paczusm's Magic Scroll Boutique.
 40237 | Snake:3  | Noticed Jorgrun
 40258 | Snake:3  | Killed Jorgrun
 40881 | Snake:4  | Entered Level 4 of the Snake Pit
 41037 | Snake:4  | Received a gift from Okawaru
 41062 | Snake:4  | Found a flickering gateway to a bazaar.
 41078 | Bazaar   | Entered a bazaar
 41078 | Bazaar   | Found Akhont's Antique Weapon Shop.
 41078 | Bazaar   | Found Joexosim's Jewellery Shop.
 41078 | Bazaar   | Found Kaagif's General Store.
 41111 | Bazaar   | Found Mibesan's Distillery.
 41119 | Bazaar   | Found Xoodghiq's Antique Armour Boutique.
 41153 | Bazaar   | Bought the +9 scales of the Dragon King {rPois rF+ rC+ MR+}
                  | for 2121 gold pieces
 41153 | Bazaar   | Found the +9 scales of the Dragon King {rPois rF+ rC+ MR+}
 41183 | Bazaar   | Bought a potion of heal wounds for 80 gold pieces
 41183 | Bazaar   | Bought a potion of heal wounds for 80 gold pieces
 41183 | Bazaar   | Bought a potion of curing for 48 gold pieces
 41416 | Snake:4  | Received a gift from Okawaru
 41509 | Snake:4  | Reached XP level 19. HP: 144/179 MP: 28/28
 42392 | Snake:4  | Received a gift from Okawaru
 42395 | Snake:4  | Got a brightly glowing hat {god gift}
 42416 | Snake:4  | Identified the +0 hat of Okawaru's Condemnation {rPois rF++
                  | Str+4} (Okawaru gifted it to you on level 4 of the Snake
                  | Pit)
 43025 | Snake:4  | Got a serpentine rune of Zot
 43773 | D:13     | Killed Sonja
 43962 | D:15     | Killed Louise
 44181 | D:15     | Found a staircase to the Depths.
 44200 | D:15     | Found a portal to a secret trove of treasure.
 44425 | Depths:1 | Entered Level 1 of the Depths
 44458 | Depths:1 | Identified the +2 faerie dragon scales {rCorr MP+9 Int+4}
 44458 | Depths:1 | Noticed the Enchantress
 44521 | Vaults:1 | Entered Level 1 of the Vaults
 45456 | Vaults:1 | Received a gift from Okawaru
 45461 | Vaults:1 | Reached XP level 20. HP: 173/189 MP: 30/30
 45486 | Vaults:1 | Got a faintly glowing plate armour {god gift}
 45666 | Vaults:1 | Identified the +4 plate armour of Context {+Inv rC- Str+2}
                  | (Okawaru gifted it to you on level 1 of the Vaults)
 46677 | Vaults:2 | Received a gift from Okawaru
 46924 | Vaults:2 | Reached skill level 15 in Evocations
 46934 | Vaults:2 | Noticed Margery
 46963 | Vaults:2 | Killed Margery
 47059 | Vaults:2 | Found Sehew's Antique Armour Shoppe.
 47088 | Vaults:2 | Found a staircase to the Crypt.
 47455 | Vaults:3 | Noticed Jory
 47519 | Vaults:3 | Killed Jory
 48110 | Vaults:3 | Reached XP level 21. HP: 199/200 MP: 24/32
 48387 | Vaults:3 | Received a gift from Okawaru
 49778 | Vaults:4 | Received a gift from Okawaru
 49962 | Vaults:4 | Found a ruined gateway.
 49976 | Desolati | Entered the Desolation of Salt
 50113 | Desolati | Got a transparent hunting sling
 50121 | Desolati | Identified the Compendium of Destructive Companions
 50123 | Desolati | Identified the +6 hunting sling of the Eternal Warrior
                  | {velocity, *Contam rPois rN+} (You found it in the
                  | Desolation of Salt)
 50391 | Desolati | Received a gift from Okawaru
 50418 | Desolati | Got a steaming marble ring
 50421 | Desolati | Identified the ring of Ontihag {Wiz rC+ Str+2} (You found
                  | it in the Desolation of Salt)
 50468 | Desolati | Got a blackened chain mail
 50993 | Desolati | Got a slimy silver ring
 50995 | Desolati | Identified the ring "Nedoci" {*Drain rElec rC++ EV+2 Str+4}
                  | (You found it in the Desolation of Salt)
 51017 | Desolati | Reached XP level 22. HP: 194/211 MP: 34/34
 51025 | Desolati | Got a warped hunting sling
 51027 | Desolati | Identified the +1 hunting sling of Xusux {velocity,
                  | *Corrode *Slow rElec rF++ Dex+3} (You found it in the
                  | Desolation of Salt)
 51040 | Desolati | Got a clouded brass ring
 51042 | Desolati | Identified the ring of Fedhas's Whim {rC++ rN++ MR+ Int-2}
                  | (You found it in the Desolation of Salt)
 51072 | Desolati | Got a glittering tin ring
 51074 | Desolati | Identified the ring of Durrugg {+Fly AC+4} (You found it in
                  | the Desolation of Salt)
 51781 | Vaults:4 | Received a gift from Okawaru
 51943 | Vaults:4 | Received a gift from Okawaru
 52902 | Orc:1    | Entered Level 1 of the Orcish Mines
 52951 | Orc:1    | Noticed Harold
 52965 | Orc:1    | Killed Harold
 53003 | D:9      | Identified the +1 chain mail "Xuhibrez" {Str+4} (You found
                  | it in the Desolation of Salt)
 53163 | Orc:2    | Entered Level 2 of the Orcish Mines
 53207 | Orc:2    | Found a staircase to the Elven Halls.
 53220 | Orc:2    | Found Puh Led's Weapon Shop.
 53478 | Orc:2    | Cast into level 2 of the Abyss (orc warlord)
 53478 | Abyss:2  | Identified a scroll of acquirement
 53708 | Orc:2    | Escaped the Abyss
 53755 | Orc:2    | Found the +8 mithril axe "Arga" {speed, MR+}
 53904 | Orc:2    | Received a gift from Okawaru
 53907 | Orc:2    | Found Biapn's Armour Boutique.
 53916 | Orc:2    | Found Qocwa's Assorted Antiques.
 53928 | Orc:2    | Found Duucketo's Jewellery Shoppe.
 53972 | Orc:2    | Found Damo's Book Shop.
 53977 | Orc:2    | Bought the amulet of the Four Winds {rN+ MR+++ Clar} for
                  | 658 gold pieces
 53977 | Orc:2    | Found the amulet of the Four Winds {rN+ MR+++ Clar}
 54086 | Orc:2    | Found a roughly hewn altar of Beogh.
 54247 | Orc:1    | Noticed Snorg
 54264 | Orc:1    | Killed Snorg
 54498 | Orc:1    | Found a bloodstained altar of Trog.
 54581 | Elf:1    | Entered Level 1 of the Elven Halls
 54774 | Elf:1    | Found an ancient bone altar of Kikubaaqudgha.
 54893 | Elf:1    | Found an ancient bone altar of Kikubaaqudgha.
 55411 | Elf:1    | Got a scorched mace
 55412 | Elf:1    | Identified the +5 mace of Dissolution {crush, *Rage rC+ MR+
                  | Dex+4} (You found it on level 1 of the Elven Halls)
 55567 | Elf:2    | Received a gift from Okawaru
 55605 | Elf:2    | Reached XP level 23. HP: 211/221 MP: 35/35
 55956 | Elf:2    | Found a huge runed translucent gate.
 55956 | Elf:2    | Found a huge runed translucent gate.
 55956 | Elf:2    | Found a huge runed translucent gate.
 55960 | Elf:2    | Found a huge runed translucent gate.
 55960 | Elf:2    | Found a huge runed translucent gate.
 56223 | Elf:3    | Entered Level 3 of the Elven Halls
 56390 | Elf:3    | Found Nanabei's Jewellery Emporium.
 56390 | Elf:3    | Found Xecriyt's Gadget Boutique.
 56391 | Elf:3    | Found Miojesaq's Gadget Boutique.
 56699 | Elf:3    | Found a radiant altar of Vehumet.
 57006 | Elf:3    | Received a gift from Okawaru
 57777 | Elf:3    | Got encrusted fire dragon scales
 57788 | Elf:3    | Identified the cursed +0 fire dragon scales of the Duke
                  | {*Slow +Blink rF++ rC- Regen+ Int+3} (You found it on level
                  | 3 of the Elven Halls)
 57846 | Elf:3    | Got a flickering ruby amulet
 57849 | Elf:3    | Identified Sif Muna's Tome of the Gliding Frostbite
 57879 | Elf:3    | Identified the amulet of the Barracuda {Gourm rC++} (You
                  | found it on level 3 of the Elven Halls)
 57887 | Elf:3    | Identified the amulet "Fedgharyg" {Acrobat rPois} (You
                  | found it on level 3 of the Elven Halls)
 57947 | Elf:3    | Got a crude ivory amulet
 57948 | Elf:3    | Identified the amulet "Ymuulaot" {Inacc Dex+3} (You found
                  | it on level 3 of the Elven Halls)
 58563 | D:15     | Killed the Enchantress
 58979 | Depths:1 | Found a gateway to Hell.
 59227 | Depths:1 | Found a one-way gate to the infinite horrors of the Abyss.
 59277 | Depths:1 | Received a gift from Okawaru
 60135 | Depths:1 | Found a one-way gate leading to the halls of Pandemonium.
 60451 | Depths:2 | Reached XP level 24. HP: 210/233 MP: 35/35
 61348 | Depths:2 | Found a gateway to a ziggurat.
 61847 | Depths:3 | Received a gift from Okawaru
 61858 | Depths:3 | Got a dazzling longbow {god gift}
 62140 | Depths:3 | Reached XP level 25. HP: 240/240 MP: 36/36
 62272 | Depths:3 | Noticed an ancient lich
 62278 | Depths:3 | Killed an ancient lich
 62651 | Depths:3 | Paralysed by a floating eye for 2 turns
 62662 | Depths:3 | Paralysed by a floating eye for 3 turns
 62675 | Depths:3 | Paralysed by a floating eye for 4 turns
 62711 | Depths:3 | Reached XP level 26. HP: 228/250 MP: 36/36
 63054 | Depths:3 | Received a gift from Okawaru
 63117 | Depths:4 | Identified the +6 longbow "Fubriumm" {velocity, rElec rPois
                  | rF-} (Okawaru gifted it to you on level 3 of the Depths)
 63177 | Depths:4 | Noticed a juggernaut
 63196 | Depths:4 | Killed a juggernaut
 63362 | Depths:4 | Identified the ring "Yfiluibro" {MR+ Int+5} (You found it
                  | on level 4 of the Depths)
 63400 | Depths:4 | Noticed Boris
 63429 | Depths:4 | Killed Boris
 63429 | Depths:4 | Reached XP level 27. HP: 123/258 MP: 36/36
 63993 | Depths:4 | Received a gift from Okawaru
 64716 | Depths:5 | Entered Level 5 of the Depths
 66849 | Lair:1   | Killed kalagan's ghost
 66932 | Lair:2   | Killed Gioniom's ghost
 67431 | Shoals:2 | Killed CrazedAxUser's ghost
 69449 | Depths:5 | Received a gift from Okawaru
 69472 | Depths:5 | Got a pair of fine boots {god gift}
 69483 | Depths:5 | Identified the +0 pair of boots of Absence {Dex+3 SInv}
                  | (Okawaru gifted it to you on level 5 of the Depths)
 69498 | Depths:5 | Found a gate to the Realm of Zot.
 70203 | Orc:2    | Bought a glowing large shield for 165 gold pieces
 70469 | Slime:1  | Entered Level 1 of the Pits of Slime
 70730 | Slime:3  | Gained mutation: Your spells are a little easier to cast,
                  | but a little less powerful. [a shining eye]
 70732 | Slime:3  | Gained mutation: Armour fits poorly on your strangely
                  | shaped body. [a shining eye]
 70863 | Slime:3  | Gained mutation: You have a pair of small antennae on your
                  | head. [a shining eye]
 70864 | Slime:3  | Gained mutation: You occasionally shout uncontrollably at
                  | your foes. [a shining eye]
 70865 | Slime:3  | Gained mutation: Your magical capacity is low. (-10% MP) [a
                  | shining eye]
 71626 | Slime:4  | Noticed Dissolution
 71724 | Slime:3  | Gained mutation: Scrolls take you a little longer to read.
                  | [a shining eye]
 71726 | Slime:3  | Killed Dissolution
 71927 | Slime:5  | Entered Level 5 of the Pits of Slime
 72063 | Slime:5  | Found a viscous altar of Jiyva.
 72064 | Slime:5  | Noticed the Royal Jelly
 72077 | Slime:5  | Killed the Royal Jelly
 72090 | Slime:5  | Gained mutation: You tend to lose your temper in combat. [a
                  | shining eye]
 72094 | Slime:5  | Gained mutation: You are clumsy. (Dex -2) [a shining eye]
 72178 | Slime:5  | Identified the +1 robe of Noon {*Corrode rElec rN+++ MR+}
                  | (You found it on level 5 of the Pits of Slime)
 72181 | Slime:5  | Identified Sif Muna's Reference Book on Venomous Feathers
 72191 | Slime:5  | Got a translucent morningstar
 72192 | Slime:5  | Identified the +7 morningstar of Untruth {venom, rC+ rN+
                  | SInv} (You found it on level 5 of the Pits of Slime)
 72262 | Slime:5  | Identified the ring "Kojeucai" {rPois rF- rC++ Str+3} (You
                  | found it on level 5 of the Pits of Slime)
 72277 | Slime:5  | Got a slimy rune of Zot
 72286 | Slime:5  | Got a twisted whip
 72287 | Slime:5  | Identified the cursed +1 whip "Dorylop" {slash, rElec rC+}
                  | (You found it on level 5 of the Pits of Slime)
 72832 | Zot:1    | Entered Level 1 of the Realm of Zot
 72983 | Zot:1    | HP: 9/261 [death cob (16)]
 73901 | Zot:1    | Noticed an orb of fire
 73924 | Zot:1    | Killed an orb of fire
 73924 | Zot:1    | Received a gift from Okawaru
 75895 | Zot:2    | Paralysed by you for 2 turns
 76434 | Zot:2    | Paralysed by you for 2 turns
 76463 | Zot:2    | Identified Giomm's Guide on Freezing Poison
 76928 | Zot:3    | Received a gift from Okawaru
 77721 | Zot:3    | Received a gift from Okawaru
 77726 | Zot:3    | Identified the +1 robe "Nenkaviu" {+Inv rPois rN++ Slay-4}
                  | (Okawaru gifted it to you on level 3 of the Realm of Zot)
 79076 | Zot:5    | Entered Level 5 of the Realm of Zot
 79173 | Zot:5    | Identified the Incunabulum of Battle Magic
 79416 | Zot:5    | Noticed an orb of fire
 79421 | Zot:5    | Gained mutation: Your magical capacity is very low. (-20%
                  | MP) [an orb of fire]
 79436 | Zot:5    | Killed an orb of fire
 79615 | Zot:5    | Noticed an orb of fire
 79618 | Zot:5    | Noticed an ancient lich
 79630 | Zot:5    | Killed an ancient lich
 79633 | Zot:5    | Noticed an ancient lich
 79647 | Zot:5    | Gained mutation: You are weak. (Str -2) [an orb of fire]
 79663 | Zot:5    | Gained mutation: Your magical capacity is extremely low.
                  | (-30% MP) [an orb of fire]
 79664 | Zot:5    | Noticed an orb of fire
 79675 | Zot:5    | Killed an orb of fire
 79687 | Zot:5    | Killed an orb of fire
 79689 | Zot:5    | Killed an ancient lich
 79689 | Zot:5    | Received a gift from Okawaru
 80057 | Zot:5    | Noticed an orb of fire
 80065 | Zot:5    | Gained mutation: You are frail. (-10% HP) [an orb of fire]
 80074 | Zot:5    | Gained mutation: You are dopey. (Int -2) [an orb of fire]
 80075 | Zot:5    | Noticed an ancient lich
 80078 | Zot:5    | Killed an orb of fire
 80095 | Zot:5    | Killed an ancient lich
 80095 | Zot:5    | Received a gift from Okawaru
 80535 | Zot:5    | Received a gift from Okawaru
 80538 | Zot:5    | Got an ancient chain mail {god gift}
 80584 | Zot:5    | Noticed an ancient lich
 80587 | Zot:5    | Killed an ancient lich
 80599 | Zot:5    | Identified the +1 chain mail "Rufar" {rC+ Int-2 Dex+4}
                  | (Okawaru gifted it to you on level 5 of the Realm of Zot)
 83441 | Vaults:5 | Entered Level 5 of the Vaults
 83971 | Vaults:5 | Noticed an ancient lich
 83990 | Vaults:5 | Killed an ancient lich
 84318 | Vaults:5 | Received a gift from Okawaru
 84627 | Vaults:5 | Reached skill level 27 in Fighting
 84669 | Vaults:5 | Noticed an ancient lich
 84696 | Vaults:5 | Killed an ancient lich
 84809 | Vaults:5 | Identified the Almanac of the Mountains and Toxins
 84840 | Vaults:5 | Identified the +3 broad axe of Shame {chop, Int+4}
 84840 | Vaults:5 | Identified the amulet of Zots {RegenMP rElec rC++ Int+4
                  | Dex-3}
 84869 | Vaults:5 | Noticed an ancient lich
 84899 | Vaults:5 | Killed an ancient lich
 84899 | Vaults:5 | Received a gift from Okawaru
 84902 | Vaults:5 | Identified the +5 morningstar of Xouh {holy, *Rage +Fly rN+
                  | Str+2}
 84949 | Vaults:5 | Got a blackened large shield {god gift}
 84960 | Vaults:5 | Identified the +0 large shield of Intuition {rC+} (Okawaru
                  | gifted it to you on level 5 of the Vaults)
 84998 | Vaults:5 | Reached skill level 10 in Invocations
 86172 | Vaults:5 | Identified Axoud's Volume of Poisonous Displacement
 86176 | Vaults:5 | Got an ancient broad axe
 86177 | Vaults:5 | Identified the +3 broad axe of Virtue {distort, MR+ Stlth+}
                  | (You found it on level 5 of the Vaults)
 86178 | Vaults:5 | Cast into level 5 of the Abyss (a distortion unwield)
 86178 | Abyss:5  | Entered Level 5 of the Abyss
 86178 | Abyss:5  | Entered Level 5 of the Abyss
 86224 | Vaults:5 | Escaped the Abyss
 86232 | Vaults:5 | Got a silver rune of Zot
 86321 | Vaults:5 | Found Upeshrost's Food Shop.
 87655 | D:15     | Fell from the grace of Okawaru
 87655 | D:15     | Became a worshipper of the Shining One
 87791 | Crypt:1  | Entered Level 1 of the Crypt
 87878 | Crypt:1  | Reached * piety under the Shining One
 87985 | Crypt:1  | Reached ** piety under the Shining One
 88645 | Crypt:1  | Reached *** piety under the Shining One
 88808 | Crypt:1  | Reached **** piety under the Shining One
 88908 | Crypt:1  | Got a crystal hunting sling
 88909 | Crypt:1  | Identified the cursed +3 hunting sling of Megalomania
                  | {velocity, rF+ Str-2 Int+2 Dex+5} (You found it on level 1
                  | of the Crypt)
 89215 | Crypt:2  | Reached ***** piety under the Shining One
 89483 | Crypt:2  | Noticed Mara
 89489 | Crypt:2  | Noticed terix's illusion
 89526 | Crypt:2  | Noticed terix's illusion
 89544 | Crypt:2  | Killed Mara
 89693 | Crypt:2  | Noticed Boris
 89719 | Crypt:2  | Killed Boris
 89933 | Crypt:3  | Entered Level 3 of the Crypt
 90110 | Crypt:3  | Reached skill level 27 in Armour
 90154 | Crypt:3  | Reached ****** piety under the Shining One
 90287 | Crypt:3  | Found a staircase to the Tomb.
 90995 | Crypt:3  | Found an ancient bone altar of Kikubaaqudgha.
 90996 | Crypt:3  | Found a basalt altar of Yredelemnul.
 91019 | Crypt:3  | Reached skill level 15 in Invocations
 91239 | Crypt:3  | Got a slimy amber ring
 91242 | Crypt:3  | Identified the ring of Ferux {rN+ Str-2 Int+5} (You found
                  | it on level 3 of the Crypt)
 91244 | Crypt:3  | Identified the ring "Suustel" {rN+ MP+9} (You found it on
                  | level 3 of the Crypt)
 91252 | Crypt:3  | Identified the +5 plate armour of Tomorrow {Int+7} (You
                  | found it on level 3 of the Crypt)
 91271 | Crypt:3  | Identified the Compendium of Unholy Magic
 91614 | Crypt:3  | Was forgiven by Okawaru
 91976 | Hell     | Entered the Vestibule of Hell
 91976 | Hell     | Noticed Geryon
 92188 | Vaults:5 | Identified the ring of Kiript {*Contam rN+ Str+4 Int+8}
                  | (You found it on level 3 of the Crypt)
 92340 | Vaults:4 | Identified a +7 broad axe of holy wrath (a +5 broad axe of
                  | venom blessed by the Shining One)
 92340 | Vaults:4 | Received a gift from the Shining One
 92588 | Hell     | Killed Geryon
 92680 | Hell     | Found a gateway to the ashen valley of Gehenna.
 92784 | Hell     | Found a gateway to the Iron City of Dis.
 92908 | Hell     | Found a gateway to the freezing wastes of Cocytus.
 93099 | Hell     | Found a gateway to the decaying netherworld of Tartarus.
 93636 | Shoals:2 | Bought a potion of resistance for 370 gold pieces
 93914 | D:15     | You paid a toll of 4 potions of resistance to enter a
                  | treasure trove
 93915 | Trove    | Entered a treasure trove
 93920 | Trove    | Got a shimmering copper amulet
 93924 | Trove    | Got a crude zirconium amulet
 93926 | Trove    | Got a heavily runed wooden ring
 93930 | Trove    | Got a brightly glowing iron amulet
 93932 | Trove    | Got a steaming platinum amulet
 93939 | Trove    | Got a steaming brass ring
 93964 | D:15     | Identified the amulet "Cewela" {Spirit Fragile rElec Dex+4}
                  | (You found it in a treasure trove)
 93966 | D:15     | Identified the amulet of Hard Scrabble {+Rage +Inv Int+4}
                  | (You found it in a treasure trove)
 93968 | D:15     | Identified the ring of Afoanlan {Str+3 Stlth+} (You found
                  | it in a treasure trove)
 93970 | D:15     | Identified the amulet of Hifirer {Faith Stlth+} (You found
                  | it in a treasure trove)
 93972 | D:15     | Identified the ring "Qeen" {rN+ EV+4 Str+5} (You found it
                  | in a treasure trove)
 93974 | D:15     | Identified the amulet "Utrimu" {Inacc *Contam rPois rC+
                  | Str+3} (You found it in a treasure trove)
 94136 | Pan      | Entered Pandemonium
 94402 | Pan      | Noticed Udeufuux the pandemonium lord
 94415 | Pan      | Killed Udeufuux the pandemonium lord
 94541 | Pan      | Learned a level 6 spell: Deflect Missiles
 94748 | Pan      | Reached skill level 5 in Dodging
 94872 | Pan      | Got a transparent robe
 94951 | Pan      | Got a dazzling hunting sling
 94952 | Pan      | Identified the +6 hunting sling "Ponwelox" {venom, rN+
                  | Int+3 Stlth+} (You found it in Pandemonium)
 95362 | Pan      | Identified the +1 robe "Nanox" {rElec} (You found it in
                  | Pandemonium)
 95364 | Pan      | Got an encrusted shortbow
 95370 | Pan      | Identified the +6 shortbow of Unreason {speed, Int+4} (You
                  | found it in Pandemonium)
 95450 | Pan      | Noticed Alog the pandemonium lord
 95467 | Pan      | Killed Alog the pandemonium lord
 95633 | Pan      | Found a white marble altar of Elyvilon.
 96421 | Pan      | Identified the +8 large shield of the Endless Expanse {+Fly
                  | rF+ rC+}
 97213 | Pan      | Found a glowing silver altar of Zin.
 97214 | Pan      | Was placed under penance by the Shining One
 97695 | Pan      | Got a translucent large shield
 97706 | Pan      | Identified the +5 large shield "Roer" {Slay+4} (You
                  | acquired it in Pandemonium)
 98251 | Pan      | Identified the cursed -5 buckler of Insecurity {rCorr Str-4
                  | Int+5 SInv}
 98506 | Pan      | Was forgiven by the Shining One
 98724 | Pan      | Identified the +2 buckler of Rufes {+Fly rPois rN+ SInv}
 99325 | Pan      | Found a glowing golden altar of the Shining One.
 99325 | Pan      | Noticed a seraph
 99356 | Pan      | Killed a seraph
 99383 | Pan      | Got a demonic rune of Zot
 99395 | Pan      | Identified the +4 long sword "Xoonni" {drain, Str+4} (You
                  | found it in Pandemonium)
 99399 | Pan      | Identified the Reference Book on Boosts
 99495 | Depths:1 | Escaped Pandemonium
 99531 | Pan      | Entered Pandemonium
 99574 | Pan      | Noticed Dojops the pandemonium lord
 99586 | Pan      | Killed Dojops the pandemonium lord
100342 | Pan      | Reached skill level 10 in Dodging
100708 | Pan      | Noticed Qittoep the pandemonium lord
100730 | Pan      | Killed Qittoep the pandemonium lord
101316 | Pan      | Found an exit through the horrors of the Abyss.
101818 | Pan      | Noticed Arhairog the pandemonium lord
101835 | Pan      | Killed Arhairog the pandemonium lord
102585 | Pan      | Noticed Xokogips the pandemonium lord
102601 | Pan      | Killed Xokogips the pandemonium lord
103532 | Pan      | Noticed Mennas
103566 | Pan      | Killed Mennas
103566 | Pan      | Reached skill level 1 in Charms
103617 | Pan      | Reached skill level 1 in Air Magic
103994 | Pan      | Noticed Buihyxiy the pandemonium lord
104008 | Pan      | Killed Buihyxiy the pandemonium lord
104054 | Pan      | Gained mutation: You are very weak. (Str -4) [a neqoxec]
104308 | Pan      | Identified the +8 chain mail of Melancholy {rF+ MP+9 SInv
                  | Stlth+}
104546 | Pan      | Identified the +1 buckler of the Circus Animal {+Blink rF+
                  | MR- Str+2 Dex+5} (You found it in Pandemonium)
104567 | Pan      | Identified the cursed +1 great sword "Dragonslayer" {pain,
                  | rPois Str+2 Int+2 Dex+3} (You found it in Pandemonium)
104699 | Pan      | Noticed Rerghiugg the pandemonium lord
104711 | Pan      | Killed Rerghiugg the pandemonium lord
105378 | Pan      | Reached skill level 1 in Earth Magic
105464 | Pan      | Noticed Arhebbie the pandemonium lord
105480 | Pan      | Killed Arhebbie the pandemonium lord
106331 | Pan      | Entered the realm of Cerebov.
106411 | Pan      | Found an exit through the horrors of the Abyss.
106412 | Pan      | Reached skill level 5 in Charms
106903 | Pan      | Got a slimy rapier
106904 | Pan      | Identified the +7 rapier of the Inferno {venom, MR+ Str+4
                  | Stlth+} (You found it in Pandemonium)
107070 | Pan      | Identified the +6 sword of Cerebov {flame}
107070 | Pan      | Noticed Cerebov
107133 | Pan      | Killed Cerebov
107133 | Pan      | Reached skill level 5 in Air Magic
107334 | Pan      | Got a fiery rune of Zot
107471 | Pan      | Identified the Catalogue of the Cankerous Snowflakes
107594 | Pan      | Got a shimmering spear
107595 | Pan      | Identified the +4 spear of Qefusuts {flame, rN+ Int+3
                  | Dex-3} (You found it in Pandemonium)
107598 | Pan      | Got a spiked helmet
107609 | Pan      | Identified the +1 plate armour of Terror {Slay+6} (You
                  | found it in Pandemonium)
107692 | Pan      | Identified the ring "Durocom" {Wiz rElec rN+ Str-2 Int+2}
                  | (You found it in Pandemonium)
107792 | Pan      | Took an exit into the Abyss.
107792 | Abyss:1  | Escaped into the Abyss
107902 | Abyss:2  | Gained mutation: Your spells are easier to cast, but less
                  | powerful. [a neqoxec]
107985 | Abyss:2  | Identified the ring "Cyjixauh" {*Drain rPois rC+ rN+ Int+4}
                  | (You found it on level 2 of the Abyss)
108085 | Depths:1 | Escaped the Abyss
108110 | Pan      | Entered the realm of Mnoleg.
108110 | Pan      | Entered Pandemonium
108195 | Pan      | Reached skill level 5 in Earth Magic
108329 | Pan      | Identified the +1 robe "Holos" {rF+ Int+4} (You found it in
                  | Pandemonium)
108516 | Pan      | Noticed Mnoleg
108553 | Pan      | Killed Mnoleg
108611 | Pan      | Got a glowing rune of Zot
108807 | Pan      | Gained mutation: You are very frail. (-20% HP) [a
                  | cacodemon]
108851 | Pan      | Reached skill level 27 in Evocations
108856 | Pan      | Gained mutation: Scrolls take you longer to read. [a
                  | cacodemon]
108862 | Pan      | Gained mutation: Your spells are much easier to cast, but
                  | much less powerful. [a cacodemon]
108924 | Pan      | Lost mutation: You are very frail. (-20% HP) [a neqoxec]
108925 | Pan      | Gained mutation: You are occasionally teleported next to
                  | monsters. [a cacodemon]
109044 | Pan      | Gained mutation: Potions are less effective at restoring
                  | your health. [a neqoxec]
109059 | Pan      | Gained mutation: Scrolls take you much longer to read. [a
                  | cacodemon]
109421 | Pan      | Gained mutation: Your body sometimes deteriorates upon
                  | taking damage. [a neqoxec]
109422 | Pan      | Gained mutation: You are very frail. (-20% HP) [a neqoxec]
109496 | Pan      | Noticed Ceyschobe the pandemonium lord
109516 | Pan      | Killed Ceyschobe the pandemonium lord
109552 | Depths:1 | Escaped Pandemonium
109555 | Depths:1 | Lost mutation: You are very frail. (-20% HP) [potion of
                  | mutation]
109555 | Depths:1 | Lost mutation: Your body sometimes deteriorates upon taking
                  | damage. [potion of mutation]
109555 | Depths:1 | Lost mutation: Scrolls take you much longer to read.
                  | [potion of mutation]
109555 | Depths:1 | Gained mutation: You are partially covered in slimy green
                  | scales. (AC +2) [potion of mutation]
109556 | Depths:1 | Lost mutation: You are dopey. (Int -2) [potion of mutation]
109556 | Depths:1 | Lost mutation: Scrolls take you longer to read. [potion of
                  | mutation]
109556 | Depths:1 | Lost mutation: Your magical capacity is extremely low.
                  | (-30% MP) [potion of mutation]
109556 | Depths:1 | Lost mutation: Scrolls take you a little longer to read.
                  | [potion of mutation]
109556 | Depths:1 | Lost mutation: You are clumsy. (Dex -2) [potion of
                  | mutation]
109556 | Depths:1 | Gained mutation: You expend magic power (3 MP) to
                  | strengthen your wands. [potion of mutation]
109557 | Depths:1 | Lost mutation: Your magical capacity is very low. (-20% MP)
                  | [potion of mutation]
109557 | Depths:1 | Lost mutation: You are very weak. (Str -4) [potion of
                  | mutation]
109557 | Depths:1 | Gained mutation: You are agile. (Dex +2) [potion of
                  | mutation]
109558 | Depths:1 | Lost mutation: You have a pair of small antennae on your
                  | head. [potion of mutation]
109558 | Depths:1 | Lost mutation: You are agile. (Dex +2) [potion of mutation]
109558 | Depths:1 | Lost mutation: You expend magic power (3 MP) to strengthen
                  | your wands. [potion of mutation]
109558 | Depths:1 | Lost mutation: Armour fits poorly on your strangely shaped
                  | body. [potion of mutation]
109558 | Depths:1 | Gained mutation: You have a pair of small horns on your
                  | head. [potion of mutation]
109559 | Depths:1 | Lost mutation: You have a pair of small horns on your head.
                  | [potion of mutation]
109559 | Depths:1 | Lost mutation: You tend to lose your temper in combat.
                  | [potion of mutation]
109559 | Depths:1 | Lost mutation: Potions are less effective at restoring your
                  | health. [potion of mutation]
109559 | Depths:1 | Gained mutation: You have very sharp teeth. [potion of
                  | mutation]
109559 | Depths:1 | Lost mutation: Your magical capacity is low. (-10% MP)
                  | [potion of mutation]
109559 | Depths:1 | Gained mutation: You are partially covered in yellow
                  | scales. (AC +2) [potion of mutation]
109584 | Depths:1 | Identified the +2 helmet of a Million People {+Inv rElec
                  | Int+4} (You found it in Pandemonium)
109620 | Pan      | Entered Pandemonium
109620 | Pan      | Found an exit through the horrors of the Abyss.
109711 | Pan      | Noticed Ydun the pandemonium lord
109722 | Pan      | Killed Ydun the pandemonium lord
110435 | Pan      | Entered the realm of Lom Lobon.
111214 | Pan      | Noticed Lom Lobon
111239 | Pan      | Killed Lom Lobon
111639 | Pan      | Got a magical rune of Zot
111862 | Pan      | Found an exit through the horrors of the Abyss.
111898 | Pan      | Noticed Hocsick the pandemonium lord
111909 | Pan      | Killed Hocsick the pandemonium lord
112339 | Pan      | Reached skill level 10 in Charms
112652 | Pan      | Entered the realm of Gloorx Vloq.
112675 | Pan      | Reached skill level 10 in Earth Magic
112778 | Pan      | Noticed Gloorx Vloq
112801 | Pan      | Killed Gloorx Vloq
113141 | Pan      | Got a dark rune of Zot
113229 | Pan      | Found an exit through the horrors of the Abyss.
113419 | Pan      | Identified the cursed +1 plate armour "Zampigez" {rC+} (You
                  | found it in Pandemonium)
113547 | Pan      | Reached skill level 10 in Air Magic
113662 | Pan      | Took an exit into the Abyss.
113662 | Abyss:1  | Escaped into the Abyss
113782 | Abyss:2  | Found a corrupted altar of Lugonu.
114484 | Abyss:2  | Found a corrupted altar of Lugonu.
114485 | Abyss:2  | Reached skill level 15 in Dodging
114507 | Abyss:2  | Found a corrupted altar of Lugonu.
114658 | Abyss:2  | Found a shimmering altar of Xom.
114813 | Abyss:3  | Found a deep blue altar of Sif Muna.
114822 | Abyss:3  | Identified the Papyrus of Transmigration
114849 | Abyss:3  | Identified the Catalogue of the Sparrow
114852 | Abyss:3  | Identified Pouraex's Almanac of Lightness
114905 | Abyss:3  | Identified Bykloskuts's Reference Book on Snow
114919 | Abyss:3  | Found a deep blue altar of Sif Muna.
114925 | Abyss:3  | Identified the Almanac of Shape Shifting
114961 | Abyss:3  | Found a deep blue altar of Sif Muna.
115499 | Abyss:3  | Found a glowing golden altar of the Shining One.
115620 | Abyss:3  | Noticed a juggernaut
115626 | Abyss:3  | Killed a juggernaut
115630 | Abyss:3  | Got an abyssal rune of Zot
116297 | Abyss:3  | Found a corrupted altar of Lugonu.
116330 | Abyss:3  | Found a corrupted altar of Lugonu.
116433 | Depths:1 | Escaped the Abyss
116558 | D:15     | Lost mutation: You occasionally shout uncontrollably at
                  | your foes. [potion of mutation]
116558 | D:15     | Lost mutation: Your spells are much easier to cast, but
                  | much less powerful. [potion of mutation]
116558 | D:15     | Gained mutation: You occasionally shout uncontrollably at
                  | your foes. [potion of mutation]
116558 | D:15     | Gained mutation: You are partially covered in molten
                  | scales. (AC +2) [potion of mutation]
116559 | D:15     | Lost mutation: You are weak. (Str -2) [potion of mutation]
116559 | D:15     | Lost mutation: You are frail. (-10% HP) [potion of
                  | mutation]
116559 | D:15     | Lost mutation: You occasionally shout uncontrollably at
                  | your foes. [potion of mutation]
116559 | D:15     | Lost mutation: You are partially covered in yellow scales.
                  | (AC +2) [potion of mutation]
116559 | D:15     | Gained mutation: You have sharp toenails. [potion of
                  | mutation]
116559 | D:15     | Gained mutation: You are agile. (Dex +2) [potion of
                  | mutation]
116777 | D:5      | Lost mutation: You are agile. (Dex +2) [potion of mutation]
116777 | D:5      | Lost mutation: You have sharp toenails. [potion of
                  | mutation]
116777 | D:5      | Gained mutation: You are agile. (Dex +2) [potion of
                  | mutation]
116777 | D:5      | Gained mutation: You are resistant to electric shocks.
                  | (rElec) [potion of mutation]
116777 | D:5      | Gained mutation: You have an increased reservoir of magic.
                  | (+10% MP) [potion of mutation]
116777 | D:5      | Gained mutation: You expend magic power (3 MP) to
                  | strengthen your wands. [potion of mutation]
117004 | Shoals:4 | Bought a potion of mutation for 264 gold pieces
117004 | Shoals:4 | Lost mutation: You expend magic power (3 MP) to strengthen
                  | your wands. [potion of mutation]
117004 | Shoals:4 | Lost mutation: Your spells are easier to cast, but less
                  | powerful. [potion of mutation]
117004 | Shoals:4 | Lost mutation: You are agile. (Dex +2) [potion of mutation]
117004 | Shoals:4 | Gained mutation: Armour fits poorly on your strangely
                  | shaped body. [potion of mutation]
117004 | Shoals:4 | Gained mutation: You are frail. (-10% HP) [potion of
                  | mutation]
117004 | Shoals:4 | Gained mutation: You passively map a small area around you.
                  | [potion of mutation]
117372 | Dis:1    | Entered Level 1 of the Iron City of Dis
117652 | Dis:1    | You are sucked into a shaft!
120042 | Dis:7    | Entered Level 7 of the Iron City of Dis
120736 | Dis:7    | Reached skill level 27 in Invocations
120739 | Dis:7    | HP: 11/245 [??? (4)]
121611 | Dis:7    | Reached skill level 15 in Earth Magic
121918 | Dis:7    | Gained mutation: You are very frail. (-20% HP) [mutagenic
                  | glow]
122024 | Dis:7    | Got a pair of pitted boots
122035 | Dis:7    | Identified the +0 pair of boots "Daufucyr" {rCorr} (You
                  | found it on level 7 of the Iron City of Dis)
122291 | Dis:7    | Found the +12 glaive of Prune {chop}
122358 | Dis:7    | Identified the Compendium of Toxic Transformation
122957 | Orc:2    | Bought a potion of might for 88 gold pieces
122957 | Orc:2    | Bought a potion of might for 88 gold pieces
122957 | Orc:2    | Bought a faintly glowing cloak for 209 gold pieces
122971 | Orc:2    | Identified the cursed +0 cloak of Life {rPois rN+ Dex+4}
                  | (You bought it in a shop on level 2 of the Orcish Mines)
123014 | Orc:2    | Bought a manual of Dodging for 1766 gold pieces
123326 | Dis:3    | Reached skill level 15 in Charms
123710 | Dis:7    | Identified the +4 staff of Dispater
123710 | Dis:7    | Noticed Dispater
123717 | Dis:7    | Identified the +1 large shield of a sewer {Str+4}
123737 | Dis:7    | Killed Dispater
123850 | Dis:7    | Got an iron rune of Zot
124039 | Coc:1    | Entered Level 1 of Cocytus
125377 | Coc:7    | Entered Level 7 of Cocytus
126137 | Coc:7    | Reached skill level 15 in Air Magic
127729 | Coc:7    | Identified the ring "Baogis" {rCorr +Inv rN+ MR+++ MP-9}
127729 | Coc:7    | Noticed Antaeus
129328 | Coc:7    | Killed Antaeus
129331 | Coc:7    | Lost mutation: Armour fits poorly on your strangely shaped
                  | body. [potion of mutation]
129331 | Coc:7    | Lost mutation: You are partially covered in slimy green
                  | scales. (AC +2) [potion of mutation]
129331 | Coc:7    | Lost mutation: You have an increased reservoir of magic.
                  | (+10% MP) [potion of mutation]
129331 | Coc:7    | Lost mutation: You are very frail. (-20% HP) [potion of
                  | mutation]
129331 | Coc:7    | Gained mutation: You are very frail. (-20% HP) [potion of
                  | mutation]
129331 | Coc:7    | Gained mutation: Your muscles are strong. (Str +2) [potion
                  | of mutation]
129525 | Coc:7    | Identified the +5 demon whip "Ysmyot" {vamp, rC- Str-4
                  | Int+2 Dex+9} (You found it on level 7 of Cocytus)
129609 | Coc:7    | Got a clouded granite ring
129610 | Coc:7    | Identified the ring "Wucyl" {rN+++ Str-3 Int+2 Dex-3
                  | Slay+5} (You found it on level 7 of Cocytus)
129619 | Coc:7    | Got an icy rune of Zot
129838 | Geh:1    | Entered Level 1 of Gehenna
130351 | Geh:3    | Reached skill level 1 in Conjurations
130719 | Geh:5    | Reached skill level 5 in Conjurations
131310 | Geh:7    | Entered Level 7 of Gehenna
131645 | Geh:7    | Reached skill level 10 in Conjurations
131892 | Geh:7    | Found the cursed +14 obsidian axe {chop, +Fly SInv *Curse}
131984 | Geh:7    | Identified the Reference Book on Moulding and Stones
132030 | Geh:7    | Noticed the Serpent of Hell
132054 | Geh:7    | Killed the Serpent of Hell
132246 | Geh:7    | Identified the amulet of Nacudel {Harm *Drain rPois rC++
                  | Dex-4 Slay+3}
132272 | Geh:7    | Got a brightly glowing spear
132279 | Geh:7    | Identified the +5 spear "Geatzargh" {vamp, rC+ Dex+3} (You
                  | found it on level 7 of Gehenna)
132284 | Geh:7    | Got a twisted leather armour
132606 | Geh:7    | Gained mutation: Scrolls take you a little longer to read.
                  | [mutagenic glow]
132638 | Geh:7    | Identified the +7 sceptre of Asmodeus
132638 | Geh:7    | Noticed Asmodeus
132655 | Geh:7    | Killed Asmodeus
132677 | Geh:7    | Got an obsidian rune of Zot
132690 | Geh:7    | Identified the +2 leather armour of Happy Babbling {rN+}
                  | (You found it on level 7 of Gehenna)
132702 | Geh:7    | Got a warped plate armour
132843 | Hell     | Identified the +8 plate armour of Royalty {*Drain Regen+
                  | Int+7} (You found it on level 7 of Gehenna)
132862 | Tar:1    | Entered Level 1 of Tartarus
132891 | Tar:1    | Reached skill level 27 in Axes
133661 | Tar:7    | Entered Level 7 of Tartarus
133896 | Tar:7    | Learned a level 3 spell: Spectral Weapon
133899 | Tar:7    | Learned a level 2 spell: Swiftness
133902 | Tar:7    | Learned a level 2 spell: Song of Slaying
133936 | Tar:7    | Reached skill level 1 in Hexes
134182 | Tar:7    | Noticed an ancient lich
134204 | Tar:7    | Killed an ancient lich
134204 | Tar:7    | Reached skill level 5 in Hexes
134368 | Tar:7    | Identified the ring "Wuin" {rPois rN+} (You found it on
                  | level 7 of Tartarus)
134371 | Tar:7    | Identified the ring "Tuys" {rCorr *Contam rPois rF+ Dex+3}
                  | (You found it on level 7 of Tartarus)
134983 | Tar:7    | Reached skill level 10 in Hexes
135307 | Tar:7    | Identified the +5 shortbow of Linearity {flame, rPois} (You
                  | found it on level 7 of Tartarus)
135321 | Tar:7    | Noticed Ereshkigal
135332 | Tar:7    | Killed Ereshkigal
135571 | Tar:7    | Got a bone rune of Zot
136057 | Tomb:1   | Entered Level 1 of the Tomb of the Ancients
136853 | Tomb:1   | Noticed a greater mummy
136861 | Tomb:1   | Killed a greater mummy
136864 | Tomb:1   | Noticed a greater mummy
136882 | Tomb:1   | Killed a greater mummy
137218 | Tomb:1   | Noticed Boris
137448 | Tomb:1   | Killed Boris
137965 | Tomb:1   | Learned a level 9 spell: Shatter
140819 | Tomb:1   | Noticed a greater mummy
140819 | Tomb:1   | Noticed a greater mummy
140819 | Tomb:1   | Noticed a greater mummy
140821 | Tomb:1   | Noticed a greater mummy
140822 | Tomb:1   | Noticed a greater mummy
141277 | Tomb:1   | Noticed a greater mummy
141283 | Crypt:3  | Killed a greater mummy
141287 | Crypt:3  | Killed a greater mummy
141474 | Tomb:1   | Noticed a greater mummy
141511 | Tomb:1   | Noticed a greater mummy
141518 | Crypt:3  | Killed a greater mummy
141620 | Tomb:1   | Noticed a greater mummy
141998 | Crypt:3  | Killed a greater mummy
142259 | Crypt:3  | Killed a greater mummy
142366 | Tomb:1   | Killed a greater mummy
142393 | Tomb:1   | Killed a greater mummy
142404 | Tomb:1   | Killed a greater mummy
142790 | Tomb:1   | Noticed a greater mummy
142798 | Tomb:1   | Killed a greater mummy
142969 | Tomb:1   | Killed a greater mummy
143251 | Tomb:1   | Noticed a greater mummy
143267 | Tomb:1   | Killed a greater mummy
143300 | Tomb:1   | Noticed a greater mummy
143307 | Tomb:1   | Killed a greater mummy
143340 | Tomb:1   | Noticed a greater mummy
143343 | Tomb:1   | Noticed a greater mummy
143357 | Tomb:1   | Killed a greater mummy
143361 | Tomb:1   | Noticed a greater mummy
143383 | Tomb:1   | Cast into level 5 of the Abyss (the power of Zot)
143383 | Abyss:5  | Entered Level 5 of the Abyss
143383 | Abyss:5  | Found a corrupted altar of Lugonu.
143484 | Abyss:5  | Found a hide-covered altar of Uskayaw.
143509 | Abyss:5  | Found a corrupted altar of Lugonu.
143563 | Tomb:1   | Escaped the Abyss
143619 | Tomb:1   | Killed a greater mummy
143666 | Tomb:1   | Noticed a greater mummy
143672 | Tomb:1   | Killed a greater mummy
143735 | Tomb:1   | Killed a greater mummy
144161 | Tomb:2   | Reached skill level 1 in Spellcasting
144162 | Tomb:2   | Noticed a greater mummy
144162 | Tomb:2   | Noticed a greater mummy
144163 | Tomb:2   | Noticed a greater mummy
144164 | Tomb:2   | Noticed a greater mummy
144165 | Tomb:2   | Noticed a greater mummy
144168 | Tomb:2   | The Shining One protects you from harm!
144169 | Tomb:2   | HP: 7/218 [ushabti] (7)]
144169 | Tomb:2   | HP: 3/218 [ushabti/vile air (3)]
144169 | Tomb:2   | The Shining One protects you from harm!
144170 | Tomb:2   | Slain by a mummy priest

Skill      XL: |  1  2  3  4  5  6  7  8  9 10 11 12 13 14 15 16 17 18 19 20 21 22 23 24 25 26 27 |
---------------+----------------------------------------------------------------------------------+-----
Axes           | 3 4 5 6 7 9 11 13 14 16 17 18 19 20 27 | 27.0
Fighting       | 4 5 6 7 8 9 10 11 12 13 14 15 16 18 19 20 21 22 23 27 | 27.0
Shields        | 4 5 6 7 8 9 10 11 12 13 14 15 16 17 18 19 20 21 25 | 25.0
Armour         | 4 5 6 7 8 9 10 11 12 13 14 15 16 17 18 19 20 21 27 | 27.0
Invocations    | 3 6 7 27 | 27.0
Evocations     | 2 5 7 9 10 12 13 14 15 16 17 18 27 | 27.0
Dodging        | 3 22 | 22.4
Charms         | 19 | 19.2
Air Magic      | 17 | 17.8
Earth Magic    | 22 | 22.6
Conjurations   | 12 | 12.0
Hexes          | 11 | 11.0
Spellcasting   | 2 |  2.7

Action                   |  1- 3 |  4- 6 |  7- 9 | 10-12 | 13-15 | 16-18 | 19-21 | 22-24 | 25-27 || total
-------------------------+-------+-------+-------+-------+-------+-------+-------+-------+-------++-------
Melee: War axe           |    39 |       |   137 |   166 |    90 |   698 |  1664 |   384 |       ||  3178
       Spear             |    35 |   219 |   252 |  1327 |   357 |       |       |       |       ||  2190
       Hand axe          |       |       |       |     5 |    60 |    12 |     8 |       |       ||    85
       Broad axe         |       |       |       |       |   968 |   828 |       |  1050 | 11469 || 14315
       Unarmed           |       |       |       |       |       |    24 |       |       |       ||    24
       Lance             |       |       |       |       |       |       |       |   286 |   496 ||   782
       Bite              |       |       |       |       |       |       |       |       |  1077 ||  1077
Throw: Throwing net      |       |       |       |       |       |       |       |       |     1 ||     1
 Cast: Passwall          |       |       |       |       |       |       |       |     1 |     7 ||     8
       Shatter           |       |       |       |       |       |       |       |       |     4 ||     4
       Deflect Missiles  |       |       |       |       |       |       |       |       |     2 ||     2
       Swiftness         |       |       |       |       |       |       |       |       |     1 ||     1
Invok: Heroism           |       |       |     6 |     2 |     6 |    12 |     7 |     5 |     8 ||    46
       Finesse           |       |       |       |     1 |     5 |    12 |     7 |     6 |    11 ||    42
       Cleansing Flame   |       |       |       |       |       |       |       |       |    33 ||    33
       Divine Shield     |       |       |       |       |       |       |       |       |    25 ||    25
       Summon Divine War |       |       |       |       |       |       |       |       |    12 ||    12
       Brand Weapon With |       |       |       |       |       |       |       |       |     1 ||     1
 Abil: Evoke Flight      |       |       |       |       |       |       |       |     2 |     1 ||     3
       Evoke Blink       |       |       |       |       |       |       |       |       |    15 ||    15
       Stop Flying       |       |       |       |       |       |       |       |       |     1 ||     1
Evoke: Wand              |       |       |     7 |       |    11 |     2 |     1 |     4 |    32 ||    57
       Lamp of fire      |       |       |       |       |       |     3 |     1 |     4 |    17 ||    25
       Phial of floods   |       |       |       |       |       |     2 |     1 |     1 |     4 ||     8
       Box of beasts     |       |       |       |       |       |       |       |       |     9 ||     9
       Lightning rod     |       |       |       |       |       |       |       |       |     8 ||     8
       Fan of gales      |       |       |       |       |       |       |       |       |     1 ||     1
       Phantom mirror    |       |       |       |       |       |       |       |       |     1 ||     1
  Use: Scroll            |       |       |    12 |       |    13 |    10 |     7 |     7 |    61 ||   110
       Potion            |       |       |     5 |       |     2 |     9 |    10 |     5 |    73 ||   104
 Stab: Paralysed         |       |       |       |       |       |       |     1 |       |     4 ||     5
       Distracted        |       |       |       |       |       |       |     2 |     1 |     1 ||     4
       Held in net/web   |       |       |       |       |       |       |       |       |     1 ||     1
       Petrifying        |       |       |       |       |       |       |       |       |     1 ||     1
       Petrified         |       |       |       |       |       |       |       |       |     1 ||     1
  Eat: Chunk             |       |     6 |    18 |    38 |    42 |    23 |    31 |    28 |    44 ||   230
       Ration            |       |       |     1 |       |     1 |     5 |       |     3 |    74 ||    84
Armor: Scale mail        |    30 |    87 |   179 |    19 |       |       |       |       |       ||   315
       Plate armour      |       |       |       |   474 |   617 |   470 |       |       |   145 ||  1706
       Chain mail        |       |       |       |       |       |    48 |       |       |       ||    48
       Gold dragon scale |       |       |       |       |       |    19 |   611 |   240 |  2064 ||  2934
       Fire dragon scale |       |       |       |       |       |       |       |   229 |   221 ||   450
Dodge: Dodged            |    17 |    72 |   117 |   158 |   237 |   213 |   156 |   266 |  2169 ||  3405
       Deflected         |       |       |       |       |       |       |       |       |    19 ||    19
Block: Shield            |    34 |   102 |   200 |   526 |   924 |  1170 |  1247 |   983 |   444 ||  5630
       Reflection        |       |       |       |       |     1 |   133 |   122 |    13 |       ||   269
       Large shield      |       |       |       |       |       |       |       |       |  9744 ||  9744
